Workbook

Sheet Cover
B2: =_xlfn.CONCAT(C11," - Finanzplanung") -> Ellmann Consulting GmbH - Finanzplanung
B4: Zweck des Modells
B5: =_xlfn.CONCAT("Dieses Modell dient dazu, die ersten drei Geschäftsjahre der ",C11," zu prognostizieren und kontrollieren. Die Daten sollen für eine unabhängige Überprüfung des Geschäfts verwendet werden.")&_xlfn.CONCAT(" Dies ist ein fiktiver Case, der nur zur Veranschaulichung dienen soll.") -> Dieses Modell dient dazu, die ersten drei Geschäftsjahre der Ellmann Consulting GmbH zu prognostizieren und kontrollieren. Die Daten sollen für eine unabhängige Überprüfung des Geschäfts verwendet werden. Dies ist ein fiktiver Case, der nur zur Veranschaulichung dienen soll.
B7: Anwendung
B8: Das Modell besteht aus zwei Teilen: 1. Annahmen - hier werden die Planungszahlen berechnet. 2. Output - hier werden die Planungszahlen dargestellt. Nutze die Buttons am Ende eines jeden Arbeitsblattes um zielführend durch die Tabelle zu navigieren.
B10: Unternehmensinformationen
B11: Firma | C11: Ellmann Consulting GmbH
B12: Kontakt | C12: Lukas Ellmann
B13: Telefon | C13: 040 2396 99771
B14: Email | C14: contact@ellmann-consulting.com
B15: Projektstart | C15: 45658
B16: Startkapital | C16: 25000
B19: Formatierung
B20: Hard-coded Zahlen (Inputs) | C20: 1234
B21: Formeln (Berechnungen) | C21: =A1*A2
B22: Links zu anderen Tabellenblättern | C22: ='Tabellenblatt'!A1
B23: Links zu anderen Dokumenten | C23: =[Andere Excel-Tabelle]TabellenblattA1
B24: Links zu externen Datenquellen | C24: =CIQ
B25: Kommentare | C25: kursiv
B27: powered by
B32: -> Jetzt mit der Planung starten!

Sheet Annahmen->
B2: Schritte | C2: 1 | D2: 2 | E2: 3 | F2: 4 | G2: 5 | H2: 6 | I2: 7 | J2: 8 | K2: 9
B3: Arbeitsblatt | C3: Annahmen | D3: Umsatz | COGS | E3: HR | F3: OPEX | G3: CAPEX | H3: Rentabilität | I3: Liquidität | J3: Finanzierung | K3: Final Check
B4: Prozessfortschritt
B7: Beispiel Case
B9: Firma | C9: In unserem Beispiel Finanzplan betrachten wir die Firma Ellmann Consulting GmbH. Der Case ist fiktiv, orientiert sich aber an der Beratungsfirma.
B11: Hintergrund | C11: Die Firma möchte einen neuen Geschäftszweig prognostizieren. Dieser besteht aus zwei Teilen:
D12: 1. Software
D13: 2. Beratung
C14: Das Finanzmodell wird nun für 2025 - 2027 aufgesetzt und soll Aufschluss über den Investitionsbedarf geben.
B16: Ansatz | C16: Wir planen den neuen Geschäftsbereich Top-Down. Das bedeutet, wir planen ausgehend von den strategischen Zielen wie zum Beispiel Umsatz oder Marktexpansion.
C17: In unserem Fall, möchten wir bis 2027 einen jährlichen Umsatz in Höhe von 3 Mio. Euro mit dem Geschäftsbereich erzielen.
B22: -> Zur Umsatzplanung

Sheet Umsatz | COGS
A1: Umsatz | COGS | F1: Jahr | G1: 1. Geschäftsjahr | S1: 2. Geschäftsjahr | AE1: 3. Geschäftsjahr
A2: =Cover!C11 -> Ellmann Consulting GmbH | F2: Monat | G2: =DATE(YEAR(Cover!C15),MONTH(Cover!C15),DAY(Cover!C15)) -> 45658 | H2: =DATE(YEAR(G2),MONTH(G2)+1,DAY(G2)) -> 45689 | I2: =DATE(YEAR(H2),MONTH(H2)+1,DAY(H2)) -> 45717 | J2: =DATE(YEAR(I2),MONTH(I2)+1,DAY(I2)) -> 45748 | K2: =DATE(YEAR(J2),MONTH(J2)+1,DAY(J2)) -> 45778 | L2: =DATE(YEAR(K2),MONTH(K2)+1,DAY(K2)) -> 45809 | M2: =DATE(YEAR(L2),MONTH(L2)+1,DAY(L2)) -> 45839 | N2: =DATE(YEAR(M2),MONTH(M2)+1,DAY(M2)) -> 45870 | O2: =DATE(YEAR(N2),MONTH(N2)+1,DAY(N2)) -> 45901 | ... AP2: =DATE(YEAR(AO2),MONTH(AO2)+1,DAY(AO2)) -> 46722
A4: Im ersten Schritt planen wir die Verkaufszahlen. Hierbei ist wichtig, dass eine Logik für die Verkäufe implementiert und begründet wird.
A5: Verkaufsplanung
A6: 1. Beratungsgeschäft
A7: Wir verkaufen eine produktisierte Beratung. Heißt, dass wir einen Standard entwickelt haben, welchen wir für einen Festpreis an unsere Kunden verkaufen können.
B9: 1. GJ | C9: 2. GJ | D9: 3. GJ
A10: Werbekosten | B10: =SUM(G10:R10) -> 150000 | C10: =SUM(S10:AD10) -> 270000 | D10: =SUM(AE10:AP10) -> 348000 | F10: Werbekosten | G10: 10000 | H10: 10000 | I10: 10000 | J10: 10000 | K10: 10000 | L10: 10000 | M10: 15000 | N10: 15000 | O10: 15000 | P10: 15000 | Q10: 15000 | R10: 15000 | S10: 20000 | T10: 20000 | U10: 20000 | V10: 20000 | W10: 20000 | X10: 20000 | Y10: 25000 | Z10: 25000 | AA10: 25000 | AB10: 25000 | AC10: 25000 | AD10: 25000 | AE10: 28000 | AF10: 28000 | AG10: 28000 | AH10: 28000 | AI10: 28000 | AJ10: 28000 | AK10: 30000 | AL10: 30000 | AM10: 30000 | AN10: 30000 | AO10: 30000 | AP10: 30000
F12: Leadkosten | G12: 75 | H12: 75 | I12: 75 | J12: 75 | K12: 75 | L12: 75 | M12: 75 | N12: 75 | O12: 75 | P12: 75 | Q12: 75 | R12: 75 | S12: 50 | T12: 50 | U12: 50 | V12: 50 | W12: 50 | X12: 50 | Y12: 50 | Z12: 50 | AA12: 50 | AB12: 50 | AC12: 50 | AD12: 50 | AE12: 40 | AF12: 40 | AG12: 40 | AH12: 40 | AI12: 40 | AJ12: 40 | AK12: 40 | AL12: 40 | AM12: 40 | AN12: 40 | AO12: 40 | AP12: 40
F13: Leads | G13: =ROUND(G10/G12,0) -> 133 | H13: =ROUND(H10/H12,0) -> 133 | I13: =ROUND(I10/I12,0) -> 133 | J13: =ROUND(J10/J12,0) -> 133 | K13: =ROUND(K10/K12,0) -> 133 | L13: =ROUND(L10/L12,0) -> 133 | M13: =ROUND(M10/M12,0) -> 200 | N13: =ROUND(N10/N12,0) -> 200 | ... AP13: =ROUND(AP10/AP12,0) -> 750
F15: Conversion | G15: 0.04 | H15: 0.04 | I15: 0.04 | J15: 0.04 | K15: 0.04 | L15: 0.04 | M15: 0.04 | N15: 0.04 | O15: 0.04 | P15: 0.04 | Q15: 0.04 | R15: 0.04 | S15: 0.04 | T15: 0.04 | U15: 0.04 | V15: 0.04 | W15: 0.04 | X15: 0.04 | Y15: 0.04 | Z15: 0.04 | AA15: 0.04 | AB15: 0.04 | AC15: 0.04 | AD15: 0.04 | AE15: 0.04 | AF15: 0.04 | AG15: 0.04 | AH15: 0.04 | AI15: 0.04 | AJ15: 0.04 | AK15: 0.04 | AL15: 0.04 | AM15: 0.04 | AN15: 0.04 | AO15: 0.04 | AP15: 0.04
F16: Neukunden | G16: =ROUND(G13*G15,0) -> 5 | H16: =ROUND(H13*H15,0) -> 5 | I16: =ROUND(I13*I15,0) -> 5 | J16: =ROUND(J13*J15,0) -> 5 | K16: =ROUND(K13*K15,0) -> 5 | L16: =ROUND(L13*L15,0) -> 5 | M16: =ROUND(M13*M15,0) -> 8 | N16: =ROUND(N13*N15,0) -> 8 | ... AP16: =ROUND(AP13*AP15,0) -> 30
F17: mit Zeitverzug | G17: =ROUNDUP(G16*0.5,0) -> 3 | H17: =ROUNDUP(H16*0.5,0)+ROUNDDOWN(G16*0.5,0) -> 5 | I17: =ROUNDUP(I16*0.5,0)+ROUNDDOWN(H16*0.5,0) -> 5 | J17: =ROUNDUP(J16*0.5,0)+ROUNDDOWN(I16*0.5,0) -> 5 | K17: =ROUNDUP(K16*0.5,0)+ROUNDDOWN(J16*0.5,0) -> 5 | L17: =ROUNDUP(L16*0.5,0)+ROUNDDOWN(K16*0.5,0) -> 5 | M17: =ROUNDUP(M16*0.5,0)+ROUNDDOWN(L16*0.5,0) -> 6 | N17: =ROUNDUP(N16*0.5,0)+ROUNDDOWN(M16*0.5,0) -> 8 | O17: =ROUNDUP(O16*0.5,0)+ROUNDDOWN(N16*0.5,0) -> 8 | ... AP17: =ROUNDUP(AP16*0.5,0)+ROUNDDOWN(AO16*0.5,0) -> 30
F18: Achtung: Hard-coded! Die Hälfte der Neukunden startet im gleichen Monat, die andere startet im nächsten Monat.
B20: Beratungsmandat
A21: Silber | B21: 5000 | E21: 0.5 | F21: Silber | G21: =ROUND(G$17*$E21,0) -> 2 | H21: =ROUND(H$17*$E21,0) -> 3 | I21: =ROUND(I$17*$E21,0) -> 3 | J21: =ROUND(J$17*$E21,0) -> 3 | K21: =ROUND(K$17*$E21,0) -> 3 | L21: =ROUND(L$17*$E21,0) -> 3 | M21: =ROUND(M$17*$E21,0) -> 3 | N21: =ROUND(N$17*$E21,0) -> 4 | ... AP21: =ROUND(AP$17*$E21,0) -> 15
A22: Gold | B22: 7500 | E22: 0.35 | F22: Gold | G22: =ROUND(G$17*$E22,0) -> 1 | H22: =ROUND(H$17*$E22,0) -> 2 | I22: =ROUND(I$17*$E22,0) -> 2 | J22: =ROUND(J$17*$E22,0) -> 2 | K22: =ROUND(K$17*$E22,0) -> 2 | L22: =ROUND(L$17*$E22,0) -> 2 | M22: =ROUND(M$17*$E22,0) -> 2 | N22: =ROUND(N$17*$E22,0) -> 3 | ... AP22: =ROUND(AP$17*$E22,0) -> 11
A23: Platin | B23: 10000 | E23: 0.15 | F23: Platin | G23: =ROUND(G$17*$E23,0) -> 0 | H23: =ROUND(H$17*$E23,0) -> 1 | I23: =ROUND(I$17*$E23,0) -> 1 | J23: =ROUND(J$17*$E23,0) -> 1 | K23: =ROUND(K$17*$E23,0) -> 1 | L23: =ROUND(L$17*$E23,0) -> 1 | M23: =ROUND(M$17*$E23,0) -> 1 | N23: =ROUND(N$17*$E23,0) -> 1 | ... AP23: =ROUND(AP$17*$E23,0) -> 5
F24: Neukunden auf Pakete aufgeteilt
I25: Formeländerung
F26: Umsatz Beratungsgeschäft | G26: =SUMPRODUCT(G21:G23,$B$21:$B$23)/2 -> 8750 | H26: =SUMPRODUCT(H21:H23,$B$21:$B$23)/2 -> 20000 | I26: =(SUMPRODUCT(I21:I23,$B$21:$B$23)+SUMPRODUCT(G21:G23,$B$21:$B$23))/2 -> 28750 | J26: =(SUMPRODUCT(J21:J23,$B$21:$B$23)+SUMPRODUCT(H21:H23,$B$21:$B$23))/2 -> 40000 | K26: =(SUMPRODUCT(K21:K23,$B$21:$B$23)+SUMPRODUCT(I21:I23,$B$21:$B$23))/2 -> 40000 | L26: =(SUMPRODUCT(L21:L23,$B$21:$B$23)+SUMPRODUCT(J21:J23,$B$21:$B$23))/2 -> 40000 | M26: =(SUMPRODUCT(M21:M23,$B$21:$B$23)+SUMPRODUCT(K21:K23,$B$21:$B$23))/2 -> 40000 | N26: =(SUMPRODUCT(N21:N23,$B$21:$B$23)+SUMPRODUCT(L21:L23,$B$21:$B$23))/2 -> 46250 | O26: =(SUMPRODUCT(O21:O23,$B$21:$B$23)+SUMPRODUCT(M21:M23,$B$21:$B$23))/2 -> 46250 | P26: =(SUMPRODUCT(P21:P23,$B$21:$B$23)+SUMPRODUCT(N21:N23,$B$21:$B$23))/2 -> 52500 | ... AP26: =(SUMPRODUCT(AP21:AP23,$B$21:$B$23)+SUMPRODUCT(AN21:AN23,$B$21:$B$23))/2 -> 207500
F27: Achtung: Hard-coded! Kunden zahlen die Hälfte des Auftragswerts an und zwei Monate später die zweite Hälfte.
A29: 2. Software Lizenzen
A30: Die Software wird in den Beratungsprojekten bei unseren Kunden eingeführt. Unsere Lizenzen sind daher abhängig von unseren Bestandskunden.
F32: Anteil der Beratungsprojekte, welche in Lizenzkäufe convertiert werden.
F33: Erfolgsquote | G33: 0.5 | H33: 0.5 | I33: 0.5 | J33: 0.5 | K33: 0.5 | L33: 0.5 | M33: 0.5 | N33: 0.5 | O33: 0.5 | P33: 0.5 | Q33: 0.5 | R33: 0.5 | S33: 0.6 | T33: 0.6 | U33: 0.6 | V33: 0.6 | W33: 0.6 | X33: 0.6 | Y33: 0.6 | Z33: 0.6 | AA33: 0.6 | AB33: 0.6 | AC33: 0.6 | AD33: 0.6 | AE33: 0.65 | AF33: 0.65 | AG33: 0.65 | AH33: 0.65 | AI33: 0.65 | AJ33: 0.65 | AK33: 0.65 | AL33: 0.65 | AM33: 0.65 | AN33: 0.65 | AO33: 0.65 | AP33: 0.65
B36: Anzahl Lizenzen | F36: Anzahl Lizenzen (t-3m), da Lizenzkauf-Entscheidung erst nach dem Beratungsprojekt, welches 2 Monate dauert.
A37: Silber | B37: 10 | F37: Silber | J37: =I37+ROUND(G21*J$33,0)*$B37 -> 10 | K37: =J37+ROUND(H21*K$33,0)*$B37 -> 30 | L37: =K37+ROUND(I21*L$33,0)*$B37 -> 50 | M37: =L37+ROUND(J21*M$33,0)*$B37 -> 70 | N37: =M37+ROUND(K21*N$33,0)*$B37 -> 90 | O37: =N37+ROUND(L21*O$33,0)*$B37 -> 110 | P37: =O37+ROUND(M21*P$33,0)*$B37 -> 130 | Q37: =P37+ROUND(N21*Q$33,0)*$B37 -> 150 | ... AP37: =AO37+ROUND(AM21*AP$33,0)*$B37 -> 1730
A38: Gold | B38: 25 | F38: Gold | J38: =I38+ROUND(G22*J$33,0)*$B38 -> 25 | K38: =J38+ROUND(H22*K$33,0)*$B38 -> 50 | L38: =K38+ROUND(I22*L$33,0)*$B38 -> 75 | M38: =L38+ROUND(J22*M$33,0)*$B38 -> 100 | N38: =M38+ROUND(K22*N$33,0)*$B38 -> 125 | O38: =N38+ROUND(L22*O$33,0)*$B38 -> 150 | P38: =O38+ROUND(M22*P$33,0)*$B38 -> 175 | Q38: =P38+ROUND(N22*Q$33,0)*$B38 -> 225 | ... AP38: =AO38+ROUND(AM22*AP$33,0)*$B38 -> 3175
A39: Platin | B39: 50 | F39: Platin | J39: =I39+ROUND(G23*J$33,0)*$B39 -> 0 | K39: =J39+ROUND(H23*K$33,0)*$B39 -> 50 | L39: =K39+ROUND(I23*L$33,0)*$B39 -> 100 | M39: =L39+ROUND(J23*M$33,0)*$B39 -> 150 | N39: =M39+ROUND(K23*N$33,0)*$B39 -> 200 | O39: =N39+ROUND(L23*O$33,0)*$B39 -> 250 | P39: =O39+ROUND(M23*P$33,0)*$B39 -> 300 | Q39: =P39+ROUND(N23*Q$33,0)*$B39 -> 350 | ... AP39: =AO39+ROUND(AM23*AP$33,0)*$B39 -> 2800
A40: Durchschnittliche Anzahl
A42: Monatliche Gebühr | B42: 15.99 | C42: pro User | F42: Lizenzeinnahmen | G42: =SUM(G37:G39)*$B$42 -> 0 | H42: =SUM(H37:H39)*$B$42 -> 0 | I42: =SUM(I37:I39)*$B$42 -> 0 | J42: =SUM(J37:J39)*$B$42 -> 559.65 | K42: =SUM(K37:K39)*$B$42 -> 2078.7 | L42: =SUM(L37:L39)*$B$42 -> 3597.75 | M42: =SUM(M37:M39)*$B$42 -> 5116.8 | N42: =SUM(N37:N39)*$B$42 -> 6635.85 | ... AP42: =SUM(AP37:AP39)*$B$42 -> 123202.95
A45: Umsatzplanung
B48: 1. GJ | C48: 2. GJ | D48: 3. GJ
A49: Beratung | B49: =SUM(G49:R49) -> 467500 | C49: =SUM(S49:AD49) -> 1307500 | D49: =SUM(AE49:AP49) -> 2237500 | F49: Beratung | G49: =G26 -> 8750 | H49: =H26 -> 20000 | I49: =I26 -> 28750 | J49: =J26 -> 40000 | K49: =K26 -> 40000 | L49: =L26 -> 40000 | M49: =M26 -> 40000 | N49: =N26 -> 46250 | ... AP49: =AP26 -> 207500
A50: Software | B50: =SUM(G50:R50) -> 60921.9 | C50: =SUM(S50:AD50) -> 366011.1 | D50: =SUM(AE50:AP50) -> 1044306.9 | F50: Software | G50: =G42 -> 0 | H50: =H42 -> 0 | I50: =I42 -> 0 | J50: =J42 -> 559.65 | K50: =K42 -> 2078.7 | L50: =L42 -> 3597.75 | M50: =M42 -> 5116.8 | N50: =N42 -> 6635.85 | ... AP50: =AP42 -> 123202.95
A51: Gesamtumsatz | B51: =SUM(G51:R51) -> 528421.9 | C51: =SUM(S51:AD51) -> 1673511.1 | D51: =SUM(AE51:AP51) -> 3281806.9 | F51: Gesamtumsatz | G51: =SUM(G49:G50) -> 8750 | H51: =SUM(H49:H50) -> 20000 | I51: =SUM(I49:I50) -> 28750 | J51: =SUM(J49:J50) -> 40559.65 | K51: =SUM(K49:K50) -> 42078.7 | L51: =SUM(L49:L50) -> 43597.75 | M51: =SUM(M49:M50) -> 45116.8 | N51: =SUM(N49:N50) -> 52885.85 | ... AP51: =SUM(AP49:AP50) -> 330702.95
A53: Direkte Kosten
A54: Welche Kosten fallen durch den Verkauf unserer Leistung an?
A56: 1. Beratungsgeschäft
A58: Reisekosten | B58: 600 | F58: Reisekosten | G58: =SUM(G21:G23)*$B58 -> 1800 | H58: =SUM(H21:H23)*$B58 -> 3600 | I58: =SUM(I21:I23)*$B58 -> 3600 | J58: =SUM(J21:J23)*$B58 -> 3600 | K58: =SUM(K21:K23)*$B58 -> 3600 | L58: =SUM(L21:L23)*$B58 -> 3600 | M58: =SUM(M21:M23)*$B58 -> 3600 | N58: =SUM(N21:N23)*$B58 -> 4800 | ... AP58: =SUM(AP21:AP23)*$B58 -> 18600
A59: Wir reisen zu jedem Kunden für die Implementierung an | F59: Wareneinsatz
A61: Design Service | B61: 1200 | F61: Design Service | J61: =SUM(G21:G23)*$B61 -> 3600 | K61: =SUM(H21:H23)*$B61 -> 7200 | L61: =SUM(I21:I23)*$B61 -> 7200 | M61: =SUM(J21:J23)*$B61 -> 7200 | N61: =SUM(K21:K23)*$B61 -> 7200 | O61: =SUM(L21:L23)*$B61 -> 7200 | P61: =SUM(M21:M23)*$B61 -> 7200 | Q61: =SUM(N21:N23)*$B61 -> 9600 | ... AP61: =SUM(AM21:AM23)*$B61 -> 37200
A62: Der Abschlussbericht für den Kunden wird vor Abgabe nochmal von einer Design-Agentur überarbeitet. | F62: Fremdleistung (t-3m), da erst bei Abschluss des Projekts
A64: 2. Software Lizenzen
A66: Cloud-Kosten | B66: 3 | C66: pro User pro Monat | F66: Cloud-Kosten | J66: =SUM(J37:J39)*$B$66 -> 105 | K66: =SUM(K37:K39)*$B$66 -> 390 | L66: =SUM(L37:L39)*$B$66 -> 675 | M66: =SUM(M37:M39)*$B$66 -> 960 | N66: =SUM(N37:N39)*$B$66 -> 1245 | O66: =SUM(O37:O39)*$B$66 -> 1530 | P66: =SUM(P37:P39)*$B$66 -> 1815 | Q66: =SUM(Q37:Q39)*$B$66 -> 2175 | ... AP66: =SUM(AP37:AP39)*$B$66 -> 23115
F67: Wareneinsatz
B69: 1. GJ | C69: 2. GJ | D69: 3. GJ
A70: Wareneinsatz | B70: =SUM(G70:R70) -> 58830 | C70: =SUM(S70:AD70) -> 194670 | D70: =SUM(AE70:AP70) -> 404730 | F70: Wareneinsatz | G70: =G58+G66 -> 1800 | H70: =H58+H66 -> 3600 | I70: =I58+I66 -> 3600 | J70: =J58+J66 -> 3705 | K70: =K58+K66 -> 3990 | L70: =L58+L66 -> 4275 | M70: =M58+M66 -> 4560 | N70: =N58+N66 -> 6045 | ... AP70: =AP58+AP66 -> 41715
A71: Fremdleistungen | B71: =SUM(G71:R71) -> 66000 | C71: =SUM(S71:AD71) -> 208800 | D71: =SUM(AE71:AP71) -> 378000 | F71: Fremdleistungen | G71: =G61 -> 0 | H71: =H61 -> 0 | I71: =I61 -> 0 | J71: =J61 -> 3600 | K71: =K61 -> 7200 | L71: =L61 -> 7200 | M71: =M61 -> 7200 | N71: =N61 -> 7200 | ... AP71: =AP61 -> 37200
B77: -> Zur Personalplanung
B80: Schritte | C80: 1 | D80: 2 | E80: 3 | F80: 4 | G80: 5 | H80: 6 | I80: 7 | J80: 8 | K80: 9
B81: Arbeitsblatt | C81: Annahmen | D81: Umsatz | COGS | E81: HR | F81: OPEX | G81: CAPEX | H81: Rentabilität | I81: Liquidität | J81: Finanzierung | K81: Final Check
B82: Prozessfortschritt

Sheet HR
A1: HR | F1: Jahr | G1: 1. Geschäftsjahr | S1: 2. Geschäftsjahr | AE1: 3. Geschäftsjahr
A2: =Cover!C11 -> Ellmann Consulting GmbH | F2: Monat | G2: =DATE(YEAR(Cover!C15),MONTH(Cover!C15),DAY(Cover!C15)) -> 45658 | H2: =DATE(YEAR(G2),MONTH(G2)+1,DAY(G2)) -> 45689 | I2: =DATE(YEAR(H2),MONTH(H2)+1,DAY(H2)) -> 45717 | J2: =DATE(YEAR(I2),MONTH(I2)+1,DAY(I2)) -> 45748 | K2: =DATE(YEAR(J2),MONTH(J2)+1,DAY(J2)) -> 45778 | L2: =DATE(YEAR(K2),MONTH(K2)+1,DAY(K2)) -> 45809 | M2: =DATE(YEAR(L2),MONTH(L2)+1,DAY(L2)) -> 45839 | N2: =DATE(YEAR(M2),MONTH(M2)+1,DAY(M2)) -> 45870 | O2: =DATE(YEAR(N2),MONTH(N2)+1,DAY(N2)) -> 45901 | ... AP2: =DATE(YEAR(AO2),MONTH(AO2)+1,DAY(AO2)) -> 46722
A4: Übertragung
A5: Ermittlung der Anzahl Berater
F6: Beratungsprojekte | G6: =SUM('Umsatz | COGS'!G21:G23) -> 3 | H6: =SUM('Umsatz | COGS'!H21:H23) -> 6 | I6: =SUM('Umsatz | COGS'!I21:I23) -> 6 | J6: =SUM('Umsatz | COGS'!J21:J23) -> 6 | K6: =SUM('Umsatz | COGS'!K21:K23) -> 6 | L6: =SUM('Umsatz | COGS'!L21:L23) -> 6 | M6: =SUM('Umsatz | COGS'!M21:M23) -> 6 | N6: =SUM('Umsatz | COGS'!N21:N23) -> 8 | ... AP6: =SUM('Umsatz | COGS'!AP21:AP23) -> 31
A8: Projekte | B8: 8
A9: pro Berater pro Monat
F10: Benötigte Berater | G10: =ROUND(G6/$B$8,0) -> 0 | H10: =ROUND(H6/$B$8,0) -> 1 | I10: =ROUND(I6/$B$8,0) -> 1 | J10: =ROUND(J6/$B$8,0) -> 1 | K10: =ROUND(K6/$B$8,0) -> 1 | L10: =ROUND(L6/$B$8,0) -> 1 | M10: =ROUND(M6/$B$8,0) -> 1 | N10: =ROUND(N6/$B$8,0) -> 1 | ... AP10: =ROUND(AP6/$B$8,0) -> 4
A12: Ermittlung der Anzahl Supportmitarbeiter
F13: Anzahl User | G13: =SUM('Umsatz | COGS'!G37:G39) -> 0 | H13: =SUM('Umsatz | COGS'!H37:H39) -> 0 | I13: =SUM('Umsatz | COGS'!I37:I39) -> 0 | J13: =SUM('Umsatz | COGS'!J37:J39) -> 35 | K13: =SUM('Umsatz | COGS'!K37:K39) -> 130 | L13: =SUM('Umsatz | COGS'!L37:L39) -> 225 | M13: =SUM('Umsatz | COGS'!M37:M39) -> 320 | N13: =SUM('Umsatz | COGS'!N37:N39) -> 415 | ... AP13: =SUM('Umsatz | COGS'!AP37:AP39) -> 7705
A15: Support | B15: 1500
A16: Lizenzen pro Servicemitarbeiter
F17: Benötigte Supportmitarbeiter | G17: =ROUNDUP(G13/$B$15,0) -> 0 | H17: =ROUNDUP(H13/$B$15,0) -> 0 | I17: =ROUNDUP(I13/$B$15,0) -> 0 | J17: =ROUNDUP(J13/$B$15,0) -> 1 | K17: =ROUNDUP(K13/$B$15,0) -> 1 | L17: =ROUNDUP(L13/$B$15,0) -> 1 | M17: =ROUNDUP(M13/$B$15,0) -> 1 | N17: =ROUNDUP(N13/$B$15,0) -> 1 | ... AP17: =ROUNDUP(AP13/$B$15,0) -> 6
A19: Beriebliche Personalkosten
F21: Position | G21: Anzahl der eingestellten Personen
F22: Geschäftsführer/in | G22: 1 | H22: 1 | I22: 1 | J22: 1 | K22: 1 | L22: 1 | M22: 1 | N22: 1 | O22: 1 | P22: 1 | Q22: 1 | R22: 1 | S22: 1 | T22: 1 | U22: 1 | V22: 1 | W22: 1 | X22: 1 | Y22: 1 | Z22: 1 | AA22: 1 | AB22: 1 | AC22: 1 | AD22: 1 | AE22: 1 | AF22: 1 | AG22: 1 | AH22: 1 | AI22: 1 | AJ22: 1 | AK22: 1 | AL22: 1 | AM22: 1 | AN22: 1 | AO22: 1 | AP22: 1
F23: Berater/in | G23: =G10 -> 0 | H23: =H10 -> 1 | I23: =I10 -> 1 | J23: =J10 -> 1 | K23: =K10 -> 1 | L23: =L10 -> 1 | M23: =M10 -> 1 | N23: =N10 -> 1 | ... AP23: =AP10 -> 4
F24: Büroassistenz TZ | G24: 1 | H24: 1 | I24: 1 | J24: 1 | K24: 1 | L24: 1 | M24: 1 | N24: 1 | O24: 1 | P24: 1 | Q24: 1 | R24: 1 | S24: 2 | T24: 2 | U24: 2 | V24: 2 | W24: 2 | X24: 2 | Y24: 2 | Z24: 2 | AA24: 2 | AB24: 2 | AC24: 2 | AD24: 2 | AE24: 2 | AF24: 2 | AG24: 2 | AH24: 2 | AI24: 2 | AJ24: 2 | AK24: 2 | AL24: 2 | AM24: 2 | AN24: 2 | AO24: 2 | AP24: 2
F25: Entwickler/in | G25: 2 | H25: 2 | I25: 2 | J25: 2 | K25: 2 | L25: 2 | M25: 2 | N25: 2 | O25: 2 | P25: 2 | Q25: 2 | R25: 2 | S25: 3 | T25: 3 | U25: 3 | V25: 3 | W25: 3 | X25: 3 | Y25: 3 | Z25: 3 | AA25: 3 | AB25: 3 | AC25: 3 | AD25: 3 | AE25: 3 | AF25: 3 | AG25: 3 | AH25: 3 | AI25: 3 | AJ25: 3 | AK25: 3 | AL25: 3 | AM25: 3 | AN25: 3 | AO25: 3 | AP25: 3
F26: Servicemitarbeiter/in | G26: =G17 -> 0 | H26: =H17 -> 0 | I26: =I17 -> 0 | J26: =J17 -> 1 | K26: =K17 -> 1 | L26: =L17 -> 1 | M26: =M17 -> 1 | N26: =N17 -> 1 | ... AP26: =AP17 -> 6
F27: Position 6 | G27: 0 | H27: 0 | I27: 0 | J27: 0 | K27: 0 | L27: 0 | M27: 0 | N27: 0 | O27: 0 | P27: 0 | Q27: 0 | R27: 0 | S27: 0 | T27: 0 | U27: 0 | V27: 0 | W27: 0 | X27: 0 | Y27: 0 | Z27: 0 | AA27: 0 | AB27: 0 | AC27: 0 | AD27: 0 | AE27: 0 | AF27: 0 | AG27: 0 | AH27: 0 | AI27: 0 | AJ27: 0 | AK27: 0 | AL27: 0 | AM27: 0 | AN27: 0 | AO27: 0 | AP27: 0
F28: Position 7 | G28: 0 | H28: 0 | I28: 0 | J28: 0 | K28: 0 | L28: 0 | M28: 0 | N28: 0 | O28: 0 | P28: 0 | Q28: 0 | R28: 0 | S28: 0 | T28: 0 | U28: 0 | V28: 0 | W28: 0 | X28: 0 | Y28: 0 | Z28: 0 | AA28: 0 | AB28: 0 | AC28: 0 | AD28: 0 | AE28: 0 | AF28: 0 | AG28: 0 | AH28: 0 | AI28: 0 | AJ28: 0 | AK28: 0 | AL28: 0 | AM28: 0 | AN28: 0 | AO28: 0 | AP28: 0
F29: Position 8 | G29: 0 | H29: 0 | I29: 0 | J29: 0 | K29: 0 | L29: 0 | M29: 0 | N29: 0 | O29: 0 | P29: 0 | Q29: 0 | R29: 0 | S29: 0 | T29: 0 | U29: 0 | V29: 0 | W29: 0 | X29: 0 | Y29: 0 | Z29: 0 | AA29: 0 | AB29: 0 | AC29: 0 | AD29: 0 | AE29: 0 | AF29: 0 | AG29: 0 | AH29: 0 | AI29: 0 | AJ29: 0 | AK29: 0 | AL29: 0 | AM29: 0 | AN29: 0 | AO29: 0 | AP29: 0
E31: Jährl. Gehalt | F31: Position
E32: 80000 | F32: =F22 -> Geschäftsführer/in | G32: =$E32*G22/12 -> 6666.6667 | H32: =$E32*H22/12 -> 6666.6667 | I32: =$E32*I22/12 -> 6666.6667 | J32: =$E32*J22/12 -> 6666.6667 | K32: =$E32*K22/12 -> 6666.6667 | L32: =$E32*L22/12 -> 6666.6667 | M32: =$E32*M22/12 -> 6666.6667 | N32: =$E32*N22/12 -> 6666.6667 | ... AP32: =$E32*AP22/12 -> 6666.6667
E33: 65000 | F33: =F23 -> Berater/in | G33: =$E33*G23/12 -> 0 | H33: =$E33*H23/12 -> 5416.6667 | I33: =$E33*I23/12 -> 5416.6667 | J33: =$E33*J23/12 -> 5416.6667 | K33: =$E33*K23/12 -> 5416.6667 | L33: =$E33*L23/12 -> 5416.6667 | M33: =$E33*M23/12 -> 5416.6667 | N33: =$E33*N23/12 -> 5416.6667 | ... AP33: =$E33*AP23/12 -> 21666.667
E34: 25000 | F34: =F24 -> Büroassistenz TZ | G34: =$E34*G24/12 -> 2083.3333 | H34: =$E34*H24/12 -> 2083.3333 | I34: =$E34*I24/12 -> 2083.3333 | J34: =$E34*J24/12 -> 2083.3333 | K34: =$E34*K24/12 -> 2083.3333 | L34: =$E34*L24/12 -> 2083.3333 | M34: =$E34*M24/12 -> 2083.3333 | N34: =$E34*N24/12 -> 2083.3333 | ... AP34: =$E34*AP24/12 -> 4166.6667
E35: 70000 | F35: =F25 -> Entwickler/in | G35: =$E35*G25/12 -> 11666.667 | H35: =$E35*H25/12 -> 11666.667 | I35: =$E35*I25/12 -> 11666.667 | J35: =$E35*J25/12 -> 11666.667 | K35: =$E35*K25/12 -> 11666.667 | L35: =$E35*L25/12 -> 11666.667 | M35: =$E35*M25/12 -> 11666.667 | N35: =$E35*N25/12 -> 11666.667 | ... AP35: =$E35*AP25/12 -> 17500
E36: 35000 | F36: =F26 -> Servicemitarbeiter/in | G36: =$E36*G26/12 -> 0 | H36: =$E36*H26/12 -> 0 | I36: =$E36*I26/12 -> 0 | J36: =$E36*J26/12 -> 2916.6667 | K36: =$E36*K26/12 -> 2916.6667 | L36: =$E36*L26/12 -> 2916.6667 | M36: =$E36*M26/12 -> 2916.6667 | N36: =$E36*N26/12 -> 2916.6667 | ... AP36: =$E36*AP26/12 -> 17500
E37: 0 | F37: =F27 -> Position 6 | G37: =$E37*G27/12 -> 0 | H37: =$E37*H27/12 -> 0 | I37: =$E37*I27/12 -> 0 | J37: =$E37*J27/12 -> 0 | K37: =$E37*K27/12 -> 0 | L37: =$E37*L27/12 -> 0 | M37: =$E37*M27/12 -> 0 | N37: =$E37*N27/12 -> 0 | ... AP37: =$E37*AP27/12 -> 0
E38: 0 | F38: =F28 -> Position 7 | G38: =$E38*G28/12 -> 0 | H38: =$E38*H28/12 -> 0 | I38: =$E38*I28/12 -> 0 | J38: =$E38*J28/12 -> 0 | K38: =$E38*K28/12 -> 0 | L38: =$E38*L28/12 -> 0 | M38: =$E38*M28/12 -> 0 | N38: =$E38*N28/12 -> 0 | ... AP38: =$E38*AP28/12 -> 0
E39: 0 | F39: =F29 -> Position 8 | G39: =$E39*G29/12 -> 0 | H39: =$E39*H29/12 -> 0 | I39: =$E39*I29/12 -> 0 | J39: =$E39*J29/12 -> 0 | K39: =$E39*K29/12 -> 0 | L39: =$E39*L29/12 -> 0 | M39: =$E39*M29/12 -> 0 | N39: =$E39*N29/12 -> 0 | ... AP39: =$E39*AP29/12 -> 0
E41: 0.25 | F41: Sozialv., Steuern, Benefits etc. | G41: =SUM(G32:G39)*$E41 -> 5104.1667 | H41: =SUM(H32:H39)*$E41 -> 6458.3333 | I41: =SUM(I32:I39)*$E41 -> 6458.3333 | J41: =SUM(J32:J39)*$E41 -> 7187.5 | K41: =SUM(K32:K39)*$E41 -> 7187.5 | L41: =SUM(L32:L39)*$E41 -> 7187.5 | M41: =SUM(M32:M39)*$E41 -> 7187.5 | N41: =SUM(N32:N39)*$E41 -> 7187.5 | ... AP41: =SUM(AP32:AP39)*$E41 -> 16875
F43: Betriebliche Personalkosten inkl. NK | G43: =SUM(G32:G39)+G41 -> 25520.833 | H43: =SUM(H32:H39)+H41 -> 32291.667 | I43: =SUM(I32:I39)+I41 -> 32291.667 | J43: =SUM(J32:J39)+J41 -> 35937.5 | K43: =SUM(K32:K39)+K41 -> 35937.5 | L43: =SUM(L32:L39)+L41 -> 35937.5 | M43: =SUM(M32:M39)+M41 -> 35937.5 | N43: =SUM(N32:N39)+N41 -> 35937.5 | ... AP43: =SUM(AP32:AP39)+AP41 -> 84375
F44: Wird in die Umsatz- und Ertragsvorschau übertragen
B45: 1. GJ | C45: 2. GJ | D45: 3. GJ
A46: Gesamte Personalkosten | B46: =SUM(G46:R46) -> 413541.67 | C46: =SUM(S46:AD46) -> 697916.67 | D46: =SUM(AE46:AP46) -> 925520.83 | F46: Gesamte Personalkosten | G46: =G43 -> 25520.833 | H46: =H43 -> 32291.667 | I46: =I43 -> 32291.667 | J46: =J43 -> 35937.5 | K46: =K43 -> 35937.5 | L46: =L43 -> 35937.5 | M46: =M43 -> 35937.5 | N46: =N43 -> 35937.5 | ... AP46: =AP43 -> 84375
F48: Unternehmerlohn
F49: Nur bei Einzelunternehmen; wird in die Liquiditätsplanung übertragen
A51: Anzahl Mitarbeiter
F53: # Mitarbeiter insgesamt | G53: =SUM(G22:G29) -> 4 | H53: =SUM(H22:H29) -> 5 | I53: =SUM(I22:I29) -> 5 | J53: =SUM(J22:J29) -> 6 | K53: =SUM(K22:K29) -> 6 | L53: =SUM(L22:L29) -> 6 | M53: =SUM(M22:M29) -> 6 | N53: =SUM(N22:N29) -> 6 | ... AP53: =SUM(AP22:AP29) -> 16
E54: 0.4 | F54: # Mitarbeiter vor Ort | G54: =ROUND(G$53*$E54,0) -> 2 | H54: =ROUND(H$53*$E54,0) -> 2 | I54: =ROUND(I$53*$E54,0) -> 2 | J54: =ROUND(J$53*$E54,0) -> 2 | K54: =ROUND(K$53*$E54,0) -> 2 | L54: =ROUND(L$53*$E54,0) -> 2 | M54: =ROUND(M$53*$E54,0) -> 2 | N54: =ROUND(N$53*$E54,0) -> 2 | ... AP54: =ROUND(AP$53*$E54,0) -> 6
E55: 0.2 | F55: # Reisende Mitarbeiter | G55: =ROUND(G$53*$E55,0) -> 1 | H55: =ROUND(H$53*$E55,0) -> 1 | I55: =ROUND(I$53*$E55,0) -> 1 | J55: =ROUND(J$53*$E55,0) -> 1 | K55: =ROUND(K$53*$E55,0) -> 1 | L55: =ROUND(L$53*$E55,0) -> 1 | M55: =ROUND(M$53*$E55,0) -> 1 | N55: =ROUND(N$53*$E55,0) -> 1 | ... AP55: =ROUND(AP$53*$E55,0) -> 3
F56: # Mitarbeiter Remote | G56: =G53-G54 -> 2 | H56: =H53-H54 -> 3 | I56: =I53-I54 -> 3 | J56: =J53-J54 -> 4 | K56: =K53-K54 -> 4 | L56: =L53-L54 -> 4 | M56: =M53-M54 -> 4 | N56: =N53-N54 -> 4 | ... AP56: =AP53-AP54 -> 10
B59: -> Zur Betriebskosten Planung
B62: Schritte | C62: 1 | D62: 2 | E62: 3 | F62: 4 | G62: 5 | H62: 6 | I62: 7 | J62: 8 | K62: 9
B63: Arbeitsblatt | C63: Annahmen | D63: Umsatz | COGS | E63: HR | F63: OPEX | G63: CAPEX | H63: Rentabilität | I63: Liquidität | J63: Finanzierung | K63: Final Check
B64: Prozessfortschritt

Sheet OPEX
A1: OPEX = "Operational Expenditures" / Betriebskosten | F1: Jahr | G1: 1. Geschäftsjahr | S1: 2. Geschäftsjahr | AE1: 3. Geschäftsjahr
A2: =Cover!C11 -> Ellmann Consulting GmbH | F2: Monat | G2: =DATE(YEAR(Cover!C15),MONTH(Cover!C15),DAY(Cover!C15)) -> 45658 | H2: =DATE(YEAR(G2),MONTH(G2)+1,DAY(G2)) -> 45689 | I2: =DATE(YEAR(H2),MONTH(H2)+1,DAY(H2)) -> 45717 | J2: =DATE(YEAR(I2),MONTH(I2)+1,DAY(I2)) -> 45748 | K2: =DATE(YEAR(J2),MONTH(J2)+1,DAY(J2)) -> 45778 | L2: =DATE(YEAR(K2),MONTH(K2)+1,DAY(K2)) -> 45809 | M2: =DATE(YEAR(L2),MONTH(L2)+1,DAY(L2)) -> 45839 | N2: =DATE(YEAR(M2),MONTH(M2)+1,DAY(M2)) -> 45870 | O2: =DATE(YEAR(N2),MONTH(N2)+1,DAY(N2)) -> 45901 | ... AP2: =DATE(YEAR(AO2),MONTH(AO2)+1,DAY(AO2)) -> 46722
A4: Übertragung
F6: # Mitarbeiter insgesamt | G6: =HR!G53 -> 4 | H6: =HR!H53 -> 5 | I6: =HR!I53 -> 5 | J6: =HR!J53 -> 6 | K6: =HR!K53 -> 6 | L6: =HR!L53 -> 6 | M6: =HR!M53 -> 6 | N6: =HR!N53 -> 6 | ... AP6: =HR!AP53 -> 16
F7: # Mitarbeiter vor Ort | G7: =HR!G54 -> 2 | H7: =HR!H54 -> 2 | I7: =HR!I54 -> 2 | J7: =HR!J54 -> 2 | K7: =HR!K54 -> 2 | L7: =HR!L54 -> 2 | M7: =HR!M54 -> 2 | N7: =HR!N54 -> 2 | ... AP7: =HR!AP54 -> 6
F8: # Reisende Mitarbeiter | G8: =HR!G55 -> 1 | H8: =HR!H55 -> 1 | I8: =HR!I55 -> 1 | J8: =HR!J55 -> 1 | K8: =HR!K55 -> 1 | L8: =HR!L55 -> 1 | M8: =HR!M55 -> 1 | N8: =HR!N55 -> 1 | ... AP8: =HR!AP55 -> 3
F9: # Mitarbeiter Remote | G9: =HR!G56 -> 2 | H9: =HR!H56 -> 3 | I9: =HR!I56 -> 3 | J9: =HR!J56 -> 4 | K9: =HR!K56 -> 4 | L9: =HR!L56 -> 4 | M9: =HR!M56 -> 4 | N9: =HR!N56 -> 4 | ... AP9: =HR!AP56 -> 10
F11: Umsatz | G11: ='Umsatz | COGS'!G51 -> 8750 | H11: ='Umsatz | COGS'!H51 -> 20000 | I11: ='Umsatz | COGS'!I51 -> 28750 | J11: ='Umsatz | COGS'!J51 -> 40559.65 | K11: ='Umsatz | COGS'!K51 -> 42078.7 | L11: ='Umsatz | COGS'!L51 -> 43597.75 | M11: ='Umsatz | COGS'!M51 -> 45116.8 | N11: ='Umsatz | COGS'!N51 -> 52885.85 | ... AP11: ='Umsatz | COGS'!AP51 -> 330702.95
F13: Werbekosten | G13: ='Umsatz | COGS'!G10 -> 10000 | H13: ='Umsatz | COGS'!H10 -> 10000 | I13: ='Umsatz | COGS'!I10 -> 10000 | J13: ='Umsatz | COGS'!J10 -> 10000 | K13: ='Umsatz | COGS'!K10 -> 10000 | L13: ='Umsatz | COGS'!L10 -> 10000 | M13: ='Umsatz | COGS'!M10 -> 15000 | N13: ='Umsatz | COGS'!N10 -> 15000 | ... AP13: ='Umsatz | COGS'!AP10 -> 30000
A15: Betriebliche Kosten
A16: 1. Miete und Mietnebenkosten
A17: qm je Mitarbeiter vor Ort | B17: 25 | F17: qm gesamt | G17: =$B17*G7 -> 50 | H17: =$B17*H7 -> 50 | I17: =$B17*I7 -> 50 | J17: =$B17*J7 -> 50 | K17: =$B17*K7 -> 50 | L17: =$B17*L7 -> 50 | M17: =$B17*M7 -> 50 | N17: =$B17*N7 -> 50 | ... AP17: =$B17*AP7 -> 150
A18: Preis je qm | B18: 22
A19: Mindestmiete | B19: 1500
B22: 1. GJ | C22: 2. GJ | D22: 3. GJ
A23: Gesamte Mietkosten | B23: =SUM(G23:R23) -> 18000 | C23: =SUM(S23:AD23) -> 26950 | D23: =SUM(AE23:AP23) -> 37400 | F23: Miete gesamt | G23: =IF($B18*G17>$B$19,$B18*G17,$B$19) -> 1500 | H23: =IF($B18*H17>$B$19,$B18*H17,$B$19) -> 1500 | I23: =IF($B18*I17>$B$19,$B18*I17,$B$19) -> 1500 | J23: =IF($B18*J17>$B$19,$B18*J17,$B$19) -> 1500 | K23: =IF($B18*K17>$B$19,$B18*K17,$B$19) -> 1500 | L23: =IF($B18*L17>$B$19,$B18*L17,$B$19) -> 1500 | M23: =IF($B18*M17>$B$19,$B18*M17,$B$19) -> 1500 | N23: =IF($B18*N17>$B$19,$B18*N17,$B$19) -> 1500 | ... AP23: =IF($B18*AP17>$B$19,$B18*AP17,$B$19) -> 3300
A26: 2. Operatives Equipment | H26: Formeländerung
A27: Durchschn. Investitionen je MA vor Ort | B27: 3500 | F27: Investitionen für MA vor Ort | G27: =$B27*G7 -> 7000 | H27: =IF(H7-G7>0,(H7-G7)*$B$27,0) -> 0 | I27: =IF(I7-H7>0,(I7-H7)*$B$27,0) -> 0 | J27: =IF(J7-I7>0,(J7-I7)*$B$27,0) -> 0 | K27: =IF(K7-J7>0,(K7-J7)*$B$27,0) -> 0 | L27: =IF(L7-K7>0,(L7-K7)*$B$27,0) -> 0 | M27: =IF(M7-L7>0,(M7-L7)*$B$27,0) -> 0 | N27: =IF(N7-M7>0,(N7-M7)*$B$27,0) -> 0 | O27: =IF(O7-N7>0,(O7-N7)*$B$27,0) -> 0 | ... AP27: =IF(AP7-AO7>0,(AP7-AO7)*$B$27,0) -> 0
A28: Durchschn. Investitionen je MA Remote | B28: 2500 | F28: Investitionen für MA Remote | G28: =$B28*G9 -> 5000 | H28: =IF(H9-G9>0,(H9-G9)*$B$28,0) -> 2500 | I28: =IF(I9-H9>0,(I9-H9)*$B$28,0) -> 0 | J28: =IF(J9-I9>0,(J9-I9)*$B$28,0) -> 2500 | K28: =IF(K9-J9>0,(K9-J9)*$B$28,0) -> 0 | L28: =IF(L9-K9>0,(L9-K9)*$B$28,0) -> 0 | M28: =IF(M9-L9>0,(M9-L9)*$B$28,0) -> 0 | N28: =IF(N9-M9>0,(N9-M9)*$B$28,0) -> 0 | O28: =IF(O9-N9>0,(O9-N9)*$B$28,0) -> 0 | ... AP28: =IF(AP9-AO9>0,(AP9-AO9)*$B$28,0) -> 2500
A29: Durchschn. monatl. Kosten je MA [Handy, Office 365, etc.] | B29: 200 | F29: Monatl. Investitionen für alle MA | G29: =$B29*G6 -> 800 | H29: =$B29*H6 -> 1000 | I29: =$B29*I6 -> 1000 | J29: =$B29*J6 -> 1200 | K29: =$B29*K6 -> 1200 | L29: =$B29*L6 -> 1200 | M29: =$B29*M6 -> 1200 | N29: =$B29*N6 -> 1200 | ... AP29: =$B29*AP6 -> 3200
B32: 1. GJ | C32: 2. GJ | D32: 3. GJ
A33: Gesamtes Operatives Equipment | B33: =SUM(G33:R33) -> 30600 | C33: =SUM(S33:AD33) -> 42400 | D33: =SUM(AE33:AP33) -> 44800 | F33: Gesamtes operatives Equipment | G33: =SUM(G27:G29) -> 12800 | H33: =SUM(H27:H29) -> 3500 | I33: =SUM(I27:I29) -> 1000 | J33: =SUM(J27:J29) -> 3700 | K33: =SUM(K27:K29) -> 1200 | L33: =SUM(L27:L29) -> 1200 | M33: =SUM(M27:M29) -> 1200 | N33: =SUM(N27:N29) -> 1200 | ... AP33: =SUM(AP27:AP29) -> 5700
A36: 3. Versicherungen
A37: Versicherungen je MA pro Monat | B37: 25
A38: Weitere Versicherungen in "Sonstige OPEX"
B40: 1. GJ | C40: 2. GJ | D40: 3. GJ
A41: Gesamte Versicherungskosten | B41: =SUM(G41:R41) -> 1700 | C41: =SUM(S41:AD41) -> 3050 | D41: =SUM(AE41:AP41) -> 4225 | F41: Gesamte Versicherungen für MA | G41: =G6*$B$37 -> 100 | H41: =H6*$B$37 -> 125 | I41: =I6*$B$37 -> 125 | J41: =J6*$B$37 -> 150 | K41: =K6*$B$37 -> 150 | L41: =L6*$B$37 -> 150 | M41: =M6*$B$37 -> 150 | N41: =N6*$B$37 -> 150 | ... AP41: =AP6*$B$37 -> 400
A44: 4. Rechts- und Beratungskosten | G44: Steuerberatung ist auch abhängig vom Umsatz. Rechnung: Umsatz/1000 + monatliche Gebühr
A45: Steuerberatung | B45: 70 | C45: p. Monat | F45: Steuerberatung | G45: =$B$45+G11/1000 -> 78.75 | H45: =$B$45+H11/1000 -> 90 | I45: =$B$45+I11/1000 -> 98.75 | J45: =$B$45+J11/1000 -> 110.55965 | K45: =$B$45+K11/1000 -> 112.0787 | L45: =$B$45+L11/1000 -> 113.59775 | M45: =$B$45+M11/1000 -> 115.1168 | N45: =$B$45+N11/1000 -> 122.88585 | ... AP45: =$B$45+AP11/1000 -> 400.70295
A46: Lohnbuchhaltung | B46: 15 | C46: p. MA | F46: Lohnbuchhaltung | G46: =G6*$B$46 -> 60 | H46: =H6*$B$46 -> 75 | I46: =I6*$B$46 -> 75 | J46: =J6*$B$46 -> 90 | K46: =K6*$B$46 -> 90 | L46: =L6*$B$46 -> 90 | M46: =M6*$B$46 -> 90 | N46: =N6*$B$46 -> 90 | ... AP46: =AP6*$B$46 -> 240
A47: Rechtsberatung | B47: 5000 | C47: p. Jahr | F47: Rechtsberatung | G47: =$B$47/12 -> 416.66667 | H47: =$B$47/12 -> 416.66667 | I47: =$B$47/12 -> 416.66667 | J47: =$B$47/12 -> 416.66667 | K47: =$B$47/12 -> 416.66667 | L47: =$B$47/12 -> 416.66667 | M47: =$B$47/12 -> 416.66667 | N47: =$B$47/12 -> 416.66667 | ... AP47: =$B$47/12 -> 416.66667
A48: monatlich fester Betrag oder manuell einpflegen
B50: 1. GJ | C50: 2. GJ | D50: 3. GJ
A51: Gesamte Beratungskosten | B51: =SUM(G51:R51) -> 7388.4219 | C51: =SUM(S51:AD51) -> 9343.5111 | D51: =SUM(AE51:AP51) -> 11656.807 | F51: Gesamte Beratungskosten | G51: =SUM(G45:G47) -> 555.41667 | H51: =SUM(H45:H47) -> 581.66667 | I51: =SUM(I45:I47) -> 590.41667 | J51: =SUM(J45:J47) -> 617.22632 | K51: =SUM(K45:K47) -> 618.74537 | L51: =SUM(L45:L47) -> 620.26442 | M51: =SUM(M45:M47) -> 621.78347 | N51: =SUM(N45:N47) -> 629.55252 | ... AP51: =SUM(AP45:AP47) -> 1057.3696
A54: 5. Werbekosten
A55: Agentur | B55: 2500 | C55: p. Monat | F55: Agentur | G55: =$B$55 -> 2500 | H55: =$B$55 -> 2500 | I55: =$B$55 -> 2500 | J55: =$B$55 -> 2500 | K55: =$B$55 -> 2500 | L55: =$B$55 -> 2500 | M55: =$B$55 -> 2500 | N55: =$B$55 -> 2500 | ... AP55: =$B$55 -> 2500
A56: Werbekosten | F56: Werbekosten | G56: =G13 -> 10000 | H56: =H13 -> 10000 | I56: =I13 -> 10000 | J56: =J13 -> 10000 | K56: =K13 -> 10000 | L56: =L13 -> 10000 | M56: =M13 -> 15000 | N56: =N13 -> 15000 | ... AP56: =AP13 -> 30000
A57: monatlich fester Betrag oder manuell einpflegen
B59: 1. GJ | C59: 2. GJ | D59: 3. GJ
A60: Gesamte Werbekosten | B60: =SUM(G60:R60) -> 180000 | C60: =SUM(S60:AD60) -> 300000 | D60: =SUM(AE60:AP60) -> 378000 | F60: Gesamte Marketingkosten | G60: =SUM(G55:G56) -> 12500 | H60: =SUM(H55:H56) -> 12500 | I60: =SUM(I55:I56) -> 12500 | J60: =SUM(J55:J56) -> 12500 | K60: =SUM(K55:K56) -> 12500 | L60: =SUM(L55:L56) -> 12500 | M60: =SUM(M55:M56) -> 17500 | N60: =SUM(N55:N56) -> 17500 | ... AP60: =SUM(AP55:AP56) -> 32500
A63: 6. Reisekosten
A64: Reisekosten je reisenden MA je Monat | B64: 600
B66: 1. GJ | C66: 2. GJ | D66: 3. GJ
A67: Gesamte Reisekosten | B67: =SUM(G67:R67) -> 7200 | C67: =SUM(S67:AD67) -> 14400 | D67: =SUM(AE67:AP67) -> 21000 | F67: Gesamte Reisekosten | G67: =G8*$B$64 -> 600 | H67: =H8*$B$64 -> 600 | I67: =I8*$B$64 -> 600 | J67: =J8*$B$64 -> 600 | K67: =K8*$B$64 -> 600 | L67: =L8*$B$64 -> 600 | M67: =M8*$B$64 -> 600 | N67: =N8*$B$64 -> 600 | ... AP67: =AP8*$B$64 -> 1800
A70: 7. Sonstige Kosten
A71: Sonstige operative Kosten (%) | B71: 0.01
A72: abhängig vom Umsatz
B73: 1. GJ | C73: 2. GJ | D73: 3. GJ
A74: Gesamte Sonstige Kosten | B74: =SUM(G74:R74) -> 5284.219 | C74: =SUM(S74:AD74) -> 16735.111 | D74: =SUM(AE74:AP74) -> 32818.069 | F74: Sonstige operative Kosten (%) | G74: =G11*$B$71 -> 87.5 | H74: =H11*$B$71 -> 200 | I74: =I11*$B$71 -> 287.5 | J74: =J11*$B$71 -> 405.5965 | K74: =K11*$B$71 -> 420.787 | L74: =L11*$B$71 -> 435.9775 | M74: =M11*$B$71 -> 451.168 | N74: =N11*$B$71 -> 528.8585 | ... AP74: =AP11*$B$71 -> 3307.0295
B79: -> Zur Investitionsplanung
A82: Schritte | B82: 1 | C82: 2 | D82: 3 | E82: 4 | F82: 5 | G82: 6 | H82: 7 | I82: 8 | J82: 9
A83: Arbeitsblatt | B83: Annahmen | C83: Umsatz | COGS | D83: HR | E83: OPEX | F83: CAPEX | G83: Rentabilität | H83: Liquidität | I83: Finanzierung | J83: Final Check
A84: Prozessfortschritt

Sheet CAPEX
A1: CAPEX = "Capital Expenditures" / Investionen | F1: Jahr | G1: 1. Geschäftsjahr | S1: 2. Geschäftsjahr | AE1: 3. Geschäftsjahr
A2: =Cover!C11 -> Ellmann Consulting GmbH | F2: Monat | G2: =DATE(YEAR(Cover!C15),MONTH(Cover!C15),DAY(Cover!C15)) -> 45658 | H2: =DATE(YEAR(G2),MONTH(G2)+1,DAY(G2)) -> 45689 | I2: =DATE(YEAR(H2),MONTH(H2)+1,DAY(H2)) -> 45717 | J2: =DATE(YEAR(I2),MONTH(I2)+1,DAY(I2)) -> 45748 | K2: =DATE(YEAR(J2),MONTH(J2)+1,DAY(J2)) -> 45778 | L2: =DATE(YEAR(K2),MONTH(K2)+1,DAY(K2)) -> 45809 | M2: =DATE(YEAR(L2),MONTH(L2)+1,DAY(L2)) -> 45839 | N2: =DATE(YEAR(M2),MONTH(M2)+1,DAY(M2)) -> 45870 | O2: =DATE(YEAR(N2),MONTH(N2)+1,DAY(N2)) -> 45901 | ... AP2: =DATE(YEAR(AO2),MONTH(AO2)+1,DAY(AO2)) -> 46722
A4: Investitionen
E6: Nutzungsdauer (Monate) | F6: Kauf von Anlagevermögen
E7: 60 | F7: Software | G7: 300000
E8: 1 | F8: Anlage 2
E9: 1 | F9: Anlage 3
E10: 1 | F10: Anlage 4
E11: 1 | F11: Anlage 5
F12: Total CAPEX | G12: =SUM(G7:G11) -> 300000 | H12: =SUM(H7:H11) -> 0 | I12: =SUM(I7:I11) -> 0 | J12: =SUM(J7:J11) -> 0 | K12: =SUM(K7:K11) -> 0 | L12: =SUM(L7:L11) -> 0 | M12: =SUM(M7:M11) -> 0 | N12: =SUM(N7:N11) -> 0 | ... AP12: =SUM(AP7:AP11) -> 0
E13: Für eine handelsübliche Software sieht die Software Afa Tabelle eine voraussichtliche Nutzungsdauer von drei Jahren vor. Handelt es sich um eine spezielle programmierte Software, so hast du nach der Afa Tabelle für Software für die Abschreibung eine Dauer von fünf Jahren.
A14: Abschreibungen
F16: Abschreibungen (neu)
F17: =F7 -> Software | G17: =SUM($G7:G7)/$E7 -> 5000 | H17: =SUM($G7:H7)/$E7 -> 5000 | I17: =SUM($G7:I7)/$E7 -> 5000 | J17: =SUM($G7:J7)/$E7 -> 5000 | K17: =SUM($G7:K7)/$E7 -> 5000 | L17: =SUM($G7:L7)/$E7 -> 5000 | M17: =SUM($G7:M7)/$E7 -> 5000 | N17: =SUM($G7:N7)/$E7 -> 5000 | ... AP17: =SUM($G7:AP7)/$E7 -> 5000
F18: =F8 -> Anlage 2 | G18: =SUM($G8:G8)/$E8 -> 0 | H18: =SUM($G8:H8)/$E8 -> 0 | I18: =SUM($G8:I8)/$E8 -> 0 | J18: =SUM($G8:J8)/$E8 -> 0 | K18: =SUM($G8:K8)/$E8 -> 0 | L18: =SUM($G8:L8)/$E8 -> 0 | M18: =SUM($G8:M8)/$E8 -> 0 | N18: =SUM($G8:N8)/$E8 -> 0 | ... AP18: =SUM($G8:AP8)/$E8 -> 0
F19: =F9 -> Anlage 3 | G19: =SUM($G9:G9)/$E9 -> 0 | H19: =SUM($G9:H9)/$E9 -> 0 | I19: =SUM($G9:I9)/$E9 -> 0 | J19: =SUM($G9:J9)/$E9 -> 0 | K19: =SUM($G9:K9)/$E9 -> 0 | L19: =SUM($G9:L9)/$E9 -> 0 | M19: =SUM($G9:M9)/$E9 -> 0 | N19: =SUM($G9:N9)/$E9 -> 0 | ... AP19: =SUM($G9:AP9)/$E9 -> 0
F20: =F10 -> Anlage 4 | G20: =SUM($G10:G10)/$E10 -> 0 | H20: =SUM($G10:H10)/$E10 -> 0 | I20: =SUM($G10:I10)/$E10 -> 0 | J20: =SUM($G10:J10)/$E10 -> 0 | K20: =SUM($G10:K10)/$E10 -> 0 | L20: =SUM($G10:L10)/$E10 -> 0 | M20: =SUM($G10:M10)/$E10 -> 0 | N20: =SUM($G10:N10)/$E10 -> 0 | ... AP20: =SUM($G10:AP10)/$E10 -> 0
B21: 1. GJ | C21: 2. GJ | D21: 3. GJ | F21: =F11 -> Anlage 5 | G21: =SUM($G11:G11)/$E11 -> 0 | H21: =SUM($G11:H11)/$E11 -> 0 | I21: =SUM($G11:I11)/$E11 -> 0 | J21: =SUM($G11:J11)/$E11 -> 0 | K21: =SUM($G11:K11)/$E11 -> 0 | L21: =SUM($G11:L11)/$E11 -> 0 | M21: =SUM($G11:M11)/$E11 -> 0 | N21: =SUM($G11:N11)/$E11 -> 0 | ... AP21: =SUM($G11:AP11)/$E11 -> 0
A22: Gesamte Abschreibung | B22: =SUM(G22:R22) -> 60000 | C22: =SUM(S22:AD22) -> 60000 | D22: =SUM(AE22:AP22) -> 60000 | F22: Gesamte Abschreibungen | G22: =SUM(G17:G21) -> 5000 | H22: =SUM(H17:H21) -> 5000 | I22: =SUM(I17:I21) -> 5000 | J22: =SUM(J17:J21) -> 5000 | K22: =SUM(K17:K21) -> 5000 | L22: =SUM(L17:L21) -> 5000 | M22: =SUM(M17:M21) -> 5000 | N22: =SUM(N17:N21) -> 5000 | ... AP22: =SUM(AP17:AP21) -> 5000
F23: VORSICHT: Formeln funktionieren nicht für Abschreibungen <3 Jahre!
A26: Anlagevermögen
F28: Investitionen | G28: =G12 -> 300000 | H28: =H12 -> 0 | I28: =I12 -> 0 | J28: =J12 -> 0 | K28: =K12 -> 0 | L28: =L12 -> 0 | M28: =M12 -> 0 | N28: =N12 -> 0 | ... AP28: =AP12 -> 0
F29: Abschreibungen | G29: =G22 -> 5000 | H29: =H22 -> 5000 | I29: =I22 -> 5000 | J29: =J22 -> 5000 | K29: =K22 -> 5000 | L29: =L22 -> 5000 | M29: =M22 -> 5000 | N29: =N22 -> 5000 | ... AP29: =AP22 -> 5000
F30: Buchwert | G30: =G28-G29 -> 295000 | H30: =G30+H28-H29 -> 290000 | I30: =H30+I28-I29 -> 285000 | J30: =I30+J28-J29 -> 280000 | K30: =J30+K28-K29 -> 275000 | L30: =K30+L28-L29 -> 270000 | M30: =L30+M28-M29 -> 265000 | N30: =M30+N28-N29 -> 260000 | O30: =N30+O28-O29 -> 255000 | ... AP30: =AO30+AP28-AP29 -> 120000
B34: -> Zum Output
A37: Schritte | B37: 1 | C37: 2 | D37: 3 | E37: 4 | F37: 5 | G37: 6 | H37: 7 | I37: 8 | J37: 9
A38: Arbeitsblatt | B38: Annahmen | C38: Umsatz | COGS | D38: HR | E38: OPEX | F38: CAPEX | G38: Rentabilität | H38: Liquidität | I38: Finanzierung | J38: Final Check
A39: Prozessfortschritt

Sheet Finanzierung
A1: Finanzierung | F1: Jahr | G1: 1. Geschäftsjahr | S1: 2. Geschäftsjahr | AE1: 3. Geschäftsjahr
A2: =Cover!C11 -> Ellmann Consulting GmbH | F2: Monat | G2: =DATE(YEAR(Cover!C15),MONTH(Cover!C15),DAY(Cover!C15)) -> 45658 | H2: =DATE(YEAR(G2),MONTH(G2)+1,DAY(G2)) -> 45689 | I2: =DATE(YEAR(H2),MONTH(H2)+1,DAY(H2)) -> 45717 | J2: =DATE(YEAR(I2),MONTH(I2)+1,DAY(I2)) -> 45748 | K2: =DATE(YEAR(J2),MONTH(J2)+1,DAY(J2)) -> 45778 | L2: =DATE(YEAR(K2),MONTH(K2)+1,DAY(K2)) -> 45809 | M2: =DATE(YEAR(L2),MONTH(L2)+1,DAY(L2)) -> 45839 | N2: =DATE(YEAR(M2),MONTH(M2)+1,DAY(M2)) -> 45870 | O2: =DATE(YEAR(N2),MONTH(N2)+1,DAY(N2)) -> 45901 | ... AP2: =DATE(YEAR(AO2),MONTH(AO2)+1,DAY(AO2)) -> 46722
A4: Fremdkapital
F6: Darlehen 1
F7: Verbleibende Laufzeit | G7: 120 | H7: =IF(G7-1>0,G7-1,0) -> 119 | I7: =IF(H7-1>0,H7-1,0) -> 118 | J7: =IF(I7-1>0,I7-1,0) -> 117 | K7: =IF(J7-1>0,J7-1,0) -> 116 | L7: =IF(K7-1>0,K7-1,0) -> 115 | M7: =IF(L7-1>0,L7-1,0) -> 114 | N7: =IF(M7-1>0,M7-1,0) -> 113 | O7: =IF(N7-1>0,N7-1,0) -> 112 | ... AP7: =IF(AO7-1>0,AO7-1,0) -> 85
F8: Verbleibender Betrag | G8: 650000 | H8: =IFERROR(G8-G12,0) -> 650000 | I8: =IFERROR(H8-H12,"") -> 650000 | J8: =IFERROR(I8-I12,"") -> 650000 | K8: =IFERROR(J8-J12,"") -> 650000 | L8: =IFERROR(K8-K12,"") -> 650000 | M8: =IFERROR(L8-L12,"") -> 650000 | N8: =IFERROR(M8-M12,"") -> 650000 | O8: =IFERROR(N8-N12,"") -> 650000 | P8: =IFERROR(O8-O12,"") -> 650000 | ... AP8: =IFERROR(AO8-AO12,"") -> 530445.53
F9: Annuität | G9: =G11 -> 2166.6667 | H9: =H11 -> 2166.6667 | I9: =I11 -> 2166.6667 | J9: =J11 -> 2166.6667 | K9: =K11 -> 2166.6667 | L9: =L11 -> 2166.6667 | M9: =M11 -> 2166.6667 | N9: =N11 -> 2166.6667 | ... R9: =R11 -> 2166.6667 | S9: =IFERROR(PMT(S10/12,S7,-S8,0,0),0) -> 7176.6298 | T9: =IFERROR(IF(T7>0,S9,0),0) -> 7176.6298 | U9: =IFERROR(IF(U7>0,T9,0),0) -> 7176.6298 | V9: =IFERROR(IF(V7>0,U9,0),0) -> 7176.6298 | W9: =IFERROR(IF(W7>0,V9,0),0) -> 7176.6298 | X9: =IFERROR(IF(X7>0,W9,0),0) -> 7176.6298 | Y9: =IFERROR(IF(Y7>0,X9,0),0) -> 7176.6298 | Z9: =IFERROR(IF(Z7>0,Y9,0),0) -> 7176.6298 | AA9: =IFERROR(IF(AA7>0,Z9,0),0) -> 7176.6298 | ... AP9: =IFERROR(IF(AP7>0,AO9,0),0) -> 7176.6298
F10: Zinssatz | G10: 0.04 | H10: =IF(H7>0,G10,0) -> 0.04 | I10: =IF(I7>0,H10,0) -> 0.04 | J10: =IF(J7>0,I10,0) -> 0.04 | K10: =IF(K7>0,J10,0) -> 0.04 | L10: =IF(L7>0,K10,0) -> 0.04 | M10: =IF(M7>0,L10,0) -> 0.04 | N10: =IF(N7>0,M10,0) -> 0.04 | O10: =IF(O7>0,N10,0) -> 0.04 | ... AP10: =IF(AP7>0,AO10,0) -> 0.04
F11: Zinszahlungen | G11: =G8*G10/12 -> 2166.6667 | H11: =IFERROR(H8*H10/12,0) -> 2166.6667 | I11: =IFERROR(I8*I10/12,0) -> 2166.6667 | J11: =IFERROR(J8*J10/12,0) -> 2166.6667 | K11: =IFERROR(K8*K10/12,0) -> 2166.6667 | L11: =IFERROR(L8*L10/12,0) -> 2166.6667 | M11: =IFERROR(M8*M10/12,0) -> 2166.6667 | N11: =IFERROR(N8*N10/12,0) -> 2166.6667 | O11: =IFERROR(O8*O10/12,0) -> 2166.6667 | ... AP11: =IFERROR(AP8*AP10/12,0) -> 1768.1518
F12: Tilgung | G12: =G9-G11 -> 0 | H12: =IF(H8>H9-H11,H9-H11,H8) -> 0 | I12: =IF(I8>I9-I11,I9-I11,I8) -> 0 | J12: =IF(J8>J9-J11,J9-J11,J8) -> 0 | K12: =IF(K8>K9-K11,K9-K11,K8) -> 0 | L12: =IF(L8>L9-L11,L9-L11,L8) -> 0 | M12: =IF(M8>M9-M11,M9-M11,M8) -> 0 | N12: =IF(N8>N9-N11,N9-N11,N8) -> 0 | O12: =IF(O8>O9-O11,O9-O11,O8) -> 0 | ... AP12: =IF(AP8>AP9-AP11,AP9-AP11,AP8) -> 5408.478
F13: Frühere und laufende Kredite eintragen
F15: Darlehen 2
F16: Verbleibende Laufzeit | K16: 0 | L16: =IF(K16-1>0,K16-1,0) -> 0 | M16: =IF(L16-1>0,L16-1,0) -> 0 | N16: =IF(M16-1>0,M16-1,0) -> 0 | O16: =IF(N16-1>0,N16-1,0) -> 0 | P16: =IF(O16-1>0,O16-1,0) -> 0 | Q16: =IF(P16-1>0,P16-1,0) -> 0 | R16: =IF(Q16-1>0,Q16-1,0) -> 0 | S16: =IF(R16-1>0,R16-1,0) -> 0 | ... AP16: =IF(AO16-1>0,AO16-1,0) -> 0
F17: Verbleibender Betrag | K17: 0 | L17: =IFERROR(K17-K21,0) -> 0 | M17: =L17-L21 -> 0 | N17: =M17-M21 -> 0 | O17: =N17-N21 -> 0 | P17: =O17-O21 -> 0 | Q17: =P17-P21 -> 0 | R17: =Q17-Q21 -> 0 | S17: =R17-R21 -> 0 | T17: =S17-S21 -> 0 | ... AP17: =AO17-AO21 -> 0
F18: Annuität | K18: =IFERROR(PMT(K19,K16,-K17,0,0),0) -> 0 | L18: =IF(L16>0,K18,0) -> 0 | M18: =IF(M16>0,L18,0) -> 0 | N18: =IF(N16>0,M18,0) -> 0 | O18: =IF(O16>0,N18,0) -> 0 | P18: =IF(P16>0,O18,0) -> 0 | Q18: =IF(Q16>0,P18,0) -> 0 | R18: =IF(R16>0,Q18,0) -> 0 | S18: =IF(S16>0,R18,0) -> 0 | ... AP18: =IF(AP16>0,AO18,0) -> 0
F19: Zinssatz | K19: 0.04 | L19: =IF(L16>0,K19,0) -> 0 | M19: =IF(M16>0,L19,0) -> 0 | N19: =IF(N16>0,M19,0) -> 0 | O19: =IF(O16>0,N19,0) -> 0 | P19: =IF(P16>0,O19,0) -> 0 | Q19: =IF(Q16>0,P19,0) -> 0 | R19: =IF(R16>0,Q19,0) -> 0 | S19: =IF(S16>0,R19,0) -> 0 | ... AP19: =IF(AP16>0,AO19,0) -> 0
F20: Zinszahlungen | K20: =K17*K19 -> 0 | L20: =L17*L19 -> 0 | M20: =M17*M19 -> 0 | N20: =N17*N19 -> 0 | O20: =O17*O19 -> 0 | P20: =P17*P19 -> 0 | Q20: =Q17*Q19 -> 0 | R20: =R17*R19 -> 0 | ... AP20: =AP17*AP19 -> 0
F21: Tilgung | K21: =K18-K20 -> 0 | L21: =IF(L17>L18-L20,L18-L20,L17) -> 0 | M21: =IF(M17>M18-M20,M18-M20,M17) -> 0 | N21: =IF(N17>N18-N20,N18-N20,N17) -> 0 | O21: =IF(O17>O18-O20,O18-O20,O17) -> 0 | P21: =IF(P17>P18-P20,P18-P20,P17) -> 0 | Q21: =IF(Q17>Q18-Q20,Q18-Q20,Q17) -> 0 | R21: =IF(R17>R18-R20,R18-R20,R17) -> 0 | S21: =IF(S17>S18-S20,S18-S20,S17) -> 0 | ... AP21: =IF(AP17>AP18-AP20,AP18-AP20,AP17) -> 0
B23: 1. GJ | C23: 2. GJ | D23: 3. GJ | F23: Gesamtes Fremdkapital | G23: =G8+G17 -> 650000 | H23: =H8+H17 -> 650000 | I23: =I8+I17 -> 650000 | J23: =J8+J17 -> 650000 | K23: =K8+K18 -> 650000 | L23: =L8+L18 -> 650000 | M23: =M8+M17 -> 650000 | N23: =N8+N17 -> 650000 | O23: =O8+O17 -> 650000 | P23: =P8+P17 -> 650000 | Q23: =Q8+Q17 -> 650000 | R23: =R8+R17 -> 650000 | S23: =S8+S17 -> 650000 | T23: =T8+T17 -> 644990.04 | ... AP23: =AP8+AP17 -> 530445.53
A24: Gesamte Zinsen | B24: =SUM(G24:R24) -> 26000 | C24: =SUM(S24:AD24) -> 24885.469 | D24: =SUM(AE24:AP24) -> 22390.698 | F24: Gesamtgezahlte Zinsen | G24: =G11+G20 -> 2166.6667 | H24: =H11+H20 -> 2166.6667 | I24: =I11+I20 -> 2166.6667 | J24: =J11+J20 -> 2166.6667 | K24: =K11+K20 -> 2166.6667 | L24: =L11+L20 -> 2166.6667 | M24: =M11+M20 -> 2166.6667 | N24: =N11+N20 -> 2166.6667 | ... AP24: =AP11+AP20 -> 1768.1518
F25: Gesamtgezahlte Tilgungen | G25: =G12+G21 -> 0 | H25: =H12+H21 -> 0 | I25: =I12+I21 -> 0 | J25: =J12+J21 -> 0 | K25: =K12+K21 -> 0 | L25: =L12+L21 -> 0 | M25: =M12+M21 -> 0 | N25: =N12+N21 -> 0 | ... AP25: =AP12+AP21 -> 5408.478
A27: Eigenkapital
F29: Eigenkapital | G29: =Cover!C16 -> 25000 | H29: =G29-G31+G32+G33 -> 25000 | I29: =H29-H31+H32+H33 -> 25000 | J29: =I29-I31+I32+I33 -> 25000 | K29: =J29-J31+J32+J33 -> 25000 | L29: =K29-K31+K32+K33 -> 25000 | M29: =L29-L31+L32+L33 -> 25000 | N29: =M29-M31+M32+M33 -> 25000 | O29: =N29-N31+N32+N33 -> 25000 | ... AP29: =AO29-AO31+AO32+AO33 -> -246762.07
F30: Dividenden | R30: 0 | AD30: 0 | AP30: 0
F31: Gezahlte Dividenden | R31: =R30*'Umsatz- und Ertragsvorschau'!N25 -> 0 | AD31: =AD30*'Umsatz- und Ertragsvorschau'!N51 -> 0 | AP31: =AP30*'Umsatz- und Ertragsvorschau'!N77 -> 0
F32: Gewinnrücklage | R32: ='Umsatz- und Ertragsvorschau'!N25-R31 -> -346122.41 | AD32: ='Umsatz- und Ertragsvorschau'!N51-AD31 -> 74360.342 | AP32: ='Umsatz- und Ertragsvorschau'!N77-AP31 -> 961265.49
F33: Kapitaleinlagen | G33: 0 | H33: 0 | I33: 0 | J33: 0 | K33: 0 | L33: 0 | M33: 0 | N33: 0 | O33: 0 | P33: 0 | Q33: 0 | R33: 0 | S33: 0 | T33: 0 | U33: 0 | V33: 0 | W33: 0 | X33: 0 | Y33: 0 | Z33: 0 | AA33: 0 | AB33: 0 | AC33: 0 | AD33: 0 | AE33: 0 | AF33: 0 | AG33: 0 | AH33: 0 | AI33: 0 | AJ33: 0 | AK33: 0 | AL33: 0 | AM33: 0 | AN33: 0 | AO33: 0 | AP33: 0
F34: Annahme: Dividendenauszahlung jährlich
B37: -> Zum Final Check
A40: Schritte | B40: 1 | C40: 2 | D40: 3 | E40: 4 | F40: 5 | G40: 6 | H40: 7 | I40: 8 | J40: 9
A41: Arbeitsblatt | B41: Annahmen | C41: Umsatz | COGS | D41: HR | E41: OPEX | F41: CAPEX | G41: Rentabilität | H41: Liquidität | I41: Finanzierung | J41: Final Check
A42: Prozessfortschritt

Sheet Output->
B2: Schritte | C2: 1 | D2: 2 | E2: 3 | F2: 4 | G2: 5 | H2: 6 | I2: 7 | J2: 8 | K2: 9
B3: Arbeitsblatt | C3: Annahmen | D3: Umsatz | COGS | E3: HR | F3: OPEX | G3: CAPEX | H3: Rentabilität | I3: Liquidität | J3: Finanzierung | K3: Final Check
B4: Prozessfortschritt
B7: Beispiel Case
B9: Status Quo | C9: Wir haben nun die Logik unseres Modells erstellt. Im Beispiel Case ist ein Großteil der Zahlen abhängig vom Verkauf im Beratungsgeschäft.
C10: Diese Vorgehensweise hat den Vorteil, dass wir nun mit einer einzigen Variable "Werbekosten" herumspielen können.
C11: Für die Ellmann Consulting GmbH ist nun wichtig, dass das Geschäft rentabel ist und sie muss sich über die Finanzierung Gedanken machen.
C13: Als Geschäftsführer/in stellt man sich nun unter anderem die Fragen:
D14: - Wie viel können/wollen wir aus eigener Kraft vorfinanzieren?
D15: - Ist unsere Firma kreditwürdig? Falls ja, wie viel Kredit können/wollen wir aufnehmen?
D16: - Ist unser Wachstum attrativ für einen Investor? Falls ja, wie viel Geld wollen wir aufnehmen?
B22: -> Zur Rentabilität

Sheet Rentabilitätsplanung
B2: Rentabilitätsplanung | G2: Druckversion
B4: Firma: | C4: =Cover!$C$11 -> Ellmann Consulting GmbH
C6: =YEAR(Cover!$C$15) -> 2025 | D6: =YEAR(Cover!$C$15)+1 -> 2026 | E6: =YEAR(Cover!$C$15)+2 -> 2027
B7: Umsatzerlöse | C7: ='Umsatz | COGS'!B51 -> 528421.9 | D7: ='Umsatz | COGS'!C51 -> 1673511.1 | E7: ='Umsatz | COGS'!D51 -> 3281806.9
B8: Bestandsveränderungen FE/UE | C8: 0 | D8: 0 | E8: 0
B9: Aktivierte Eigenleistungen | C9: 0 | D9: 0 | E9: 0
B10: Gesamtleistung | C10: =SUM(C7:C9) -> 528421.9 | D10: =SUM(D7:D9) -> 1673511.1 | E10: =SUM(E7:E9) -> 3281806.9
B11: Wareneinsatz | C11: ='Umsatz | COGS'!B70 -> 58830 | D11: ='Umsatz | COGS'!C70 -> 194670 | E11: ='Umsatz | COGS'!D70 -> 404730
B12: Fremdleistungen | C12: ='Umsatz | COGS'!B71 -> 66000 | D12: ='Umsatz | COGS'!C71 -> 208800 | E12: ='Umsatz | COGS'!D71 -> 378000
B13: Rohertrag | C13: =C10-SUM(C11:C12) -> 403591.9 | D13: =D10-SUM(D11:D12) -> 1270041.1 | E13: =E10-SUM(E11:E12) -> 2499076.9
B14: Sonstige betriebliche Erlöse | C14: 0 | D14: 0 | E14: 0
B15: Betrieblicher Rohertrag | C15: =C13+C14 -> 403591.9 | D15: =D13+D14 -> 1270041.1 | E15: =E13+E14 -> 2499076.9
B16: Personalkosten inkl. Nebenkosten | C16: =HR!B46 -> 413541.67 | D16: =HR!C46 -> 697916.67 | E16: =HR!D46 -> 925520.83
B17: Miete und Mietnebenkosten | C17: =OPEX!B23 -> 18000 | D17: =OPEX!C23 -> 26950 | E17: =OPEX!D23 -> 37400
B18: Operatives Equipment | C18: =OPEX!B33 -> 30600 | D18: =OPEX!C33 -> 42400 | E18: =OPEX!D33 -> 44800
B19: Versicherungen | C19: =OPEX!B41 -> 1700 | D19: =OPEX!C41 -> 3050 | E19: =OPEX!D41 -> 4225
B20: Rechts- und Beratungskosten | C20: =OPEX!B51 -> 7388.4219 | D20: =OPEX!C51 -> 9343.5111 | E20: =OPEX!D51 -> 11656.807
B21: Marketingkosten | C21: =OPEX!B60 -> 180000 | D21: =OPEX!C60 -> 300000 | E21: =OPEX!D60 -> 378000
B22: Reisekosten | C22: =OPEX!B67 -> 7200 | D22: =OPEX!C67 -> 14400 | E22: =OPEX!D67 -> 21000
B23: Sonstige Kosten | C23: =OPEX!B74 -> 5284.219 | D23: =OPEX!C74 -> 16735.111 | E23: =OPEX!D74 -> 32818.069
B24: Betriebsergebnis vor Zinsen/Abschreibung/Steuern | C24: =C15-SUM(C16:C23) -> -260122.41 | D24: =D15-SUM(D16:D23) -> 159245.81 | E24: =E15-SUM(E16:E23) -> 1043656.2
B25: Abschreibung | C25: =CAPEX!B22 -> 60000 | D25: =CAPEX!C22 -> 60000 | E25: =CAPEX!D22 -> 60000
B26: Zinsaufwand | C26: =Finanzierung!B24 -> 26000 | D26: =Finanzierung!C24 -> 24885.469 | E26: =Finanzierung!D24 -> 22390.698
B27: Betriebsergebnis vor Steuern | C27: =C24-SUM(C25:C26) -> -346122.41 | D27: =D24-SUM(D25:D26) -> 74360.342 | E27: =E24-SUM(E25:E26) -> 961265.49
B28: Steuern auf Einkommen / Ertrag | C28: =Liquiditätsplan!N28 -> 0 | D28: =Liquiditätsplan!N64 -> 0 | E28: =Liquiditätsplan!N100 -> 282131.42
B29: Jahresüberschuss/-verlust | C29: =C27-C28 -> -346122.41 | D29: =D27-D28 -> 74360.342 | E29: =E27-E28 -> 679134.07
B31: in % der Gesamtleistung
B32: Wareneinsatz | C32: =C11/C$10 -> 0.11133149 | D32: =D11/D$10 -> 0.1163243 | E32: =E11/E$10 -> 0.12332535
B33: Fremdleistungen | C33: =C12/C$10 -> 0.1249002 | D33: =D12/D$10 -> 0.12476762 | E33: =E12/E$10 -> 0.11518045
B34: Personalkosten inkl. Nebenkosten | C34: =C16/C$10 -> 0.78259752 | D34: =D16/D$10 -> 0.41703737 | E34: =E16/E$10 -> 0.28201563
B35: Miete und Mietnebenkosten | C35: =C17/C$10 -> 0.03406369 | D35: =D17/D$10 -> 0.016103867 | E35: =E17/E$10 -> 0.011396161
B36: Operatives Equipment | C36: =C18/C$10 -> 0.057908274 | D36: =D18/D$10 -> 0.025335954 | E36: =E18/E$10 -> 0.013651016
B37: Versicherungen | C37: =C19/C$10 -> 0.0032171263 | D37: =D19/D$10 -> 0.0018225155 | E37: =E19/E$10 -> 0.0012874005
B38: Rechts- und Beratungskosten | C38: =C20/C$10 -> 0.013982051 | D38: =D20/D$10 -> 0.0055831784 | E38: =E20/E$10 -> 0.0035519478
B39: Marketingkosten | C39: =C21/C$10 -> 0.3406369 | D39: =D21/D$10 -> 0.17926382 | E39: =E21/E$10 -> 0.11518045
B40: Reisekosten | C40: =C22/C$10 -> 0.013625476 | D40: =D22/D$10 -> 0.0086046636 | E40: =E22/E$10 -> 0.006398914
B41: Sonstige Kosten | C41: =C23/C$10 -> 0.01 | D41: =D23/D$10 -> 0.01 | E41: =E23/E$10 -> 0.01
B42: Betriebsergebnis vor Steuern | C42: =C27/C$10 -> -0.65501147 | D42: =D27/D$10 -> 0.044433731 | E42: =E27/E$10 -> 0.29290739
B43: Steuern | C43: =C28/C$10 -> 0 | D43: =D28/D$10 -> 0 | E43: =E28/E$10 -> 0.085968319
B44: Jahresüberschuss/-verlust | C44: =C29/C$10 -> -0.65501147 | D44: =D29/D$10 -> 0.044433731 | E44: =E29/E$10 -> 0.20693907
C47: -> Zur monatlichen Ansicht
B50: Schritte | C50: 1 | D50: 2 | E50: 3 | F50: 4 | G50: 5 | H50: 6 | I50: 7 | J50: 8 | K50: 9
B51: Arbeitsblatt | C51: Annahmen | D51: Umsatz | COGS | E51: HR | F51: OPEX | G51: CAPEX | H51: Rentabilität | I51: Liquidität | J51: Finanzierung | K51: Final Check
B52: Prozessfortschritt

Sheet Umsatz- und Ertragsvorschau
A1: Umsatz- und Ertragsvorschau - 1. Jahr | P1: Druckversion
A3: Firma: | B3: =Cover!$C$11 -> Ellmann Consulting GmbH
A4: 1. Geschäftsjahr | B4: 1. Monat | C4: 2. Monat | D4: 3. Monat | E4: 4. Monat | F4: 5. Monat | G4: 6. Monat | H4: 7. Monat | I4: 8. Monat | J4: 9. Monat | K4: 10. Monat | L4: 11. Monat | M4: 12. Monat | N4: Summe
B5: =DATE(YEAR(Cover!$C$15),MONTH(Cover!$C$15),DAY(Cover!$C$15)) -> 45658 | C5: =DATE(YEAR(B5),MONTH(B5)+1,DAY(B5)) -> 45689 | D5: =DATE(YEAR(C5),MONTH(C5)+1,DAY(C5)) -> 45717 | E5: =DATE(YEAR(D5),MONTH(D5)+1,DAY(D5)) -> 45748 | F5: =DATE(YEAR(E5),MONTH(E5)+1,DAY(E5)) -> 45778 | G5: =DATE(YEAR(F5),MONTH(F5)+1,DAY(F5)) -> 45809 | H5: =DATE(YEAR(G5),MONTH(G5)+1,DAY(G5)) -> 45839 | I5: =DATE(YEAR(H5),MONTH(H5)+1,DAY(H5)) -> 45870 | J5: =DATE(YEAR(I5),MONTH(I5)+1,DAY(I5)) -> 45901 | ... M5: =DATE(YEAR(L5),MONTH(L5)+1,DAY(L5)) -> 45992
A7: Nettoumsatz (ohne MwSt.) | B7: ='Umsatz | COGS'!G51 -> 8750 | C7: ='Umsatz | COGS'!H51 -> 20000 | D7: ='Umsatz | COGS'!I51 -> 28750 | E7: ='Umsatz | COGS'!J51 -> 40559.65 | F7: ='Umsatz | COGS'!K51 -> 42078.7 | G7: ='Umsatz | COGS'!L51 -> 43597.75 | H7: ='Umsatz | COGS'!M51 -> 45116.8 | I7: ='Umsatz | COGS'!N51 -> 52885.85 | ... M7: ='Umsatz | COGS'!R51 -> 66011.55 | N7: =SUM(B7:M7) -> 528421.9
A8: - Wareneinsatz | B8: ='Umsatz | COGS'!G70 -> 1800 | C8: ='Umsatz | COGS'!H70 -> 3600 | D8: ='Umsatz | COGS'!I70 -> 3600 | E8: ='Umsatz | COGS'!J70 -> 3705 | F8: ='Umsatz | COGS'!K70 -> 3990 | G8: ='Umsatz | COGS'!L70 -> 4275 | H8: ='Umsatz | COGS'!M70 -> 4560 | I8: ='Umsatz | COGS'!N70 -> 6045 | ... M8: ='Umsatz | COGS'!R70 -> 7335 | N8: =SUM(B8:M8) -> 58830
A9: - Fremdleistungen | B9: ='Umsatz | COGS'!G71 -> 0 | C9: ='Umsatz | COGS'!H71 -> 0 | D9: ='Umsatz | COGS'!I71 -> 0 | E9: ='Umsatz | COGS'!J71 -> 3600 | F9: ='Umsatz | COGS'!K71 -> 7200 | G9: ='Umsatz | COGS'!L71 -> 7200 | H9: ='Umsatz | COGS'!M71 -> 7200 | I9: ='Umsatz | COGS'!N71 -> 7200 | ... M9: ='Umsatz | COGS'!R71 -> 9600 | N9: =SUM(B9:M9) -> 66000
A10: = Rohertrag | B10: =B7-B8-B9 -> 6950 | C10: =C7-C8-C9 -> 16400 | D10: =D7-D8-D9 -> 25150 | E10: =E7-E8-E9 -> 33254.65 | F10: =F7-F8-F9 -> 30888.7 | G10: =G7-G8-G9 -> 32122.75 | H10: =H7-H8-H9 -> 33356.8 | I10: =I7-I8-I9 -> 39640.85 | ... N10: =N7-N8-N9 -> 403591.9
A12: Betriebliche Kosten
A13: Personalkosten inkl. Nebenkosten | B13: =HR!G46 -> 25520.833 | C13: =HR!H46 -> 32291.667 | D13: =HR!I46 -> 32291.667 | E13: =HR!J46 -> 35937.5 | F13: =HR!K46 -> 35937.5 | G13: =HR!L46 -> 35937.5 | H13: =HR!M46 -> 35937.5 | I13: =HR!N46 -> 35937.5 | ... M13: =HR!R46 -> 35937.5 | N13: =SUM(B13:M13) -> 413541.67
A14: + Miete und Mietnebenkosten | B14: =OPEX!G23 -> 1500 | C14: =OPEX!H23 -> 1500 | D14: =OPEX!I23 -> 1500 | E14: =OPEX!J23 -> 1500 | F14: =OPEX!K23 -> 1500 | G14: =OPEX!L23 -> 1500 | H14: =OPEX!M23 -> 1500 | I14: =OPEX!N23 -> 1500 | ... M14: =OPEX!R23 -> 1500 | N14: =SUM(B14:M14) -> 18000
A15: + Operatives Equipment | B15: =OPEX!G33 -> 12800 | C15: =OPEX!H33 -> 3500 | D15: =OPEX!I33 -> 1000 | E15: =OPEX!J33 -> 3700 | F15: =OPEX!K33 -> 1200 | G15: =OPEX!L33 -> 1200 | H15: =OPEX!M33 -> 1200 | I15: =OPEX!N33 -> 1200 | ... M15: =OPEX!R33 -> 1200 | N15: =SUM(B15:M15) -> 30600
A16: + Versicherungen | B16: =OPEX!G41 -> 100 | C16: =OPEX!H41 -> 125 | D16: =OPEX!I41 -> 125 | E16: =OPEX!J41 -> 150 | F16: =OPEX!K41 -> 150 | G16: =OPEX!L41 -> 150 | H16: =OPEX!M41 -> 150 | I16: =OPEX!N41 -> 150 | ... M16: =OPEX!R41 -> 150 | N16: =SUM(B16:M16) -> 1700
A17: + Rechts- und Beratungskosten | B17: =OPEX!G51 -> 555.41667 | C17: =OPEX!H51 -> 581.66667 | D17: =OPEX!I51 -> 590.41667 | E17: =OPEX!J51 -> 617.22632 | F17: =OPEX!K51 -> 618.74537 | G17: =OPEX!L51 -> 620.26442 | H17: =OPEX!M51 -> 621.78347 | I17: =OPEX!N51 -> 629.55252 | ... M17: =OPEX!R51 -> 642.67822 | N17: =SUM(B17:M17) -> 7388.4219
A18: + Marketingkosten | B18: =OPEX!G60 -> 12500 | C18: =OPEX!H60 -> 12500 | D18: =OPEX!I60 -> 12500 | E18: =OPEX!J60 -> 12500 | F18: =OPEX!K60 -> 12500 | G18: =OPEX!L60 -> 12500 | H18: =OPEX!M60 -> 17500 | I18: =OPEX!N60 -> 17500 | ... M18: =OPEX!R60 -> 17500 | N18: =SUM(B18:M18) -> 180000
A19: + Reisekosten | B19: =OPEX!G67 -> 600 | C19: =OPEX!H67 -> 600 | D19: =OPEX!I67 -> 600 | E19: =OPEX!J67 -> 600 | F19: =OPEX!K67 -> 600 | G19: =OPEX!L67 -> 600 | H19: =OPEX!M67 -> 600 | I19: =OPEX!N67 -> 600 | ... M19: =OPEX!R67 -> 600 | N19: =SUM(B19:M19) -> 7200
A20: + Sonstige Kosten | B20: =OPEX!G74 -> 87.5 | C20: =OPEX!H74 -> 200 | D20: =OPEX!I74 -> 287.5 | E20: =OPEX!J74 -> 405.5965 | F20: =OPEX!K74 -> 420.787 | G20: =OPEX!L74 -> 435.9775 | H20: =OPEX!M74 -> 451.168 | I20: =OPEX!N74 -> 528.8585 | ... M20: =OPEX!R74 -> 660.1155 | N20: =SUM(B20:M20) -> 5284.219
A21: + Zinsen | B21: =Finanzierung!G24 -> 2166.6667 | C21: =Finanzierung!H24 -> 2166.6667 | D21: =Finanzierung!I24 -> 2166.6667 | E21: =Finanzierung!J24 -> 2166.6667 | F21: =Finanzierung!K24 -> 2166.6667 | G21: =Finanzierung!L24 -> 2166.6667 | H21: =Finanzierung!M24 -> 2166.6667 | I21: =Finanzierung!N24 -> 2166.6667 | ... M21: =Finanzierung!R24 -> 2166.6667 | N21: =SUM(B21:M21) -> 26000
A22: + Abschreibungen | B22: =CAPEX!G29 -> 5000 | C22: =CAPEX!H29 -> 5000 | D22: =CAPEX!I29 -> 5000 | E22: =CAPEX!J29 -> 5000 | F22: =CAPEX!K29 -> 5000 | G22: =CAPEX!L29 -> 5000 | H22: =CAPEX!M29 -> 5000 | I22: =CAPEX!N29 -> 5000 | ... M22: =CAPEX!R29 -> 5000 | N22: =SUM(B22:M22) -> 60000
A23: = Summe Kosten | B23: =SUM(B13:B20) -> 53663.75 | C23: =SUM(C13:C20) -> 51298.333 | D23: =SUM(D13:D20) -> 48894.583 | E23: =SUM(E13:E20) -> 55410.323 | F23: =SUM(F13:F20) -> 52927.032 | G23: =SUM(G13:G20) -> 52943.742 | H23: =SUM(H13:H20) -> 57960.451 | I23: =SUM(I13:I20) -> 58045.911 | ... M23: =SUM(M13:M20) -> 58190.294 | N23: =SUM(N13:N22) -> 749714.31
A25: = Betriebsergebnis vor Steuern | B25: =B10-B23 -> -46713.75 | C25: =C10-C23 -> -34898.333 | D25: =D10-D23 -> -23744.583 | E25: =E10-E23 -> -22155.673 | F25: =F10-F23 -> -22038.332 | G25: =G10-G23 -> -20820.992 | H25: =H10-H23 -> -24603.651 | I25: =I10-I23 -> -18405.061 | ... N25: =N10-N23 -> -346122.41
A28: Umsatz- und Ertragsvorschau - 2. Jahr
A29: Firma: | B29: =Cover!$C$11 -> Ellmann Consulting GmbH
A30: 2. Geschäftsjahr | B30: 1. Monat | C30: 2. Monat | D30: 3. Monat | E30: 4. Monat | F30: 5. Monat | G30: 6. Monat | H30: 7. Monat | I30: 8. Monat | J30: 9. Monat | K30: 10. Monat | L30: 11. Monat | M30: 12. Monat | N30: Summe
B31: =DATE(YEAR(M5)+1,MONTH(M5)+1,DAY(M5)) -> 46388 | C31: =DATE(YEAR(B31),MONTH(B31)+1,DAY(B31)) -> 46419 | D31: =DATE(YEAR(C31),MONTH(C31)+1,DAY(C31)) -> 46447 | E31: =DATE(YEAR(D31),MONTH(D31)+1,DAY(D31)) -> 46478 | F31: =DATE(YEAR(E31),MONTH(E31)+1,DAY(E31)) -> 46508 | G31: =DATE(YEAR(F31),MONTH(F31)+1,DAY(F31)) -> 46539 | H31: =DATE(YEAR(G31),MONTH(G31)+1,DAY(G31)) -> 46569 | I31: =DATE(YEAR(H31),MONTH(H31)+1,DAY(H31)) -> 46600 | J31: =DATE(YEAR(I31),MONTH(I31)+1,DAY(I31)) -> 46631 | ... M31: =DATE(YEAR(L31),MONTH(L31)+1,DAY(L31)) -> 46722
A33: Nettoumsatz (ohne MwSt.) | B33: ='Umsatz | COGS'!S51 -> 81680.35 | C33: ='Umsatz | COGS'!T51 -> 96099.15 | D33: ='Umsatz | COGS'!U51 -> 111767.95 | E33: ='Umsatz | COGS'!V51 -> 126506.55 | F33: ='Umsatz | COGS'!W51 -> 129704.55 | G33: ='Umsatz | COGS'!X51 -> 132902.55 | H33: ='Umsatz | COGS'!Y51 -> 143600.55 | I33: ='Umsatz | COGS'!Z51 -> 153048.55 | ... M33: ='Umsatz | COGS'!AD51 -> 182308.85 | N33: =SUM(B33:M33) -> 1673511.1
A34: - Wareneinsatz | B34: ='Umsatz | COGS'!S70 -> 10095 | C34: ='Umsatz | COGS'!T70 -> 12855 | D34: ='Umsatz | COGS'!U70 -> 13215 | E34: ='Umsatz | COGS'!V70 -> 13635 | F34: ='Umsatz | COGS'!W70 -> 14235 | G34: ='Umsatz | COGS'!X70 -> 14835 | H34: ='Umsatz | COGS'!Y70 -> 16635 | I34: ='Umsatz | COGS'!Z70 -> 18435 | ... M34: ='Umsatz | COGS'!AD70 -> 21345 | N34: =SUM(B34:M34) -> 194670
A35: - Fremdleistungen | B35: ='Umsatz | COGS'!S71 -> 9600 | C35: ='Umsatz | COGS'!T71 -> 9600 | D35: ='Umsatz | COGS'!U71 -> 9600 | E35: ='Umsatz | COGS'!V71 -> 14400 | F35: ='Umsatz | COGS'!W71 -> 19200 | G35: ='Umsatz | COGS'!X71 -> 19200 | H35: ='Umsatz | COGS'!Y71 -> 19200 | I35: ='Umsatz | COGS'!Z71 -> 19200 | ... M35: ='Umsatz | COGS'!AD71 -> 24000 | N35: =SUM(B35:M35) -> 208800
A36: = Rohertrag | B36: =B33-B34-B35 -> 61985.35 | C36: =C33-C34-C35 -> 73644.15 | D36: =D33-D34-D35 -> 88952.95 | E36: =E33-E34-E35 -> 98471.55 | F36: =F33-F34-F35 -> 96269.55 | G36: =G33-G34-G35 -> 98867.55 | H36: =H33-H34-H35 -> 107765.55 | I36: =I33-I34-I35 -> 115413.55 | ... N36: =N33-N34-N35 -> 1270041.1
A38: Betriebliche Kosten
A39: Personalkosten inkl. Nebenkosten | B39: =HR!S46 -> 52604.167 | C39: =HR!T46 -> 52604.167 | D39: =HR!U46 -> 52604.167 | E39: =HR!V46 -> 52604.167 | F39: =HR!W46 -> 56250 | G39: =HR!X46 -> 56250 | H39: =HR!Y46 -> 56250 | I39: =HR!Z46 -> 63020.833 | ... M39: =HR!AD46 -> 66666.667 | N39: =SUM(B39:M39) -> 697916.67
A40: + Miete und Mietnebenkosten | B40: =OPEX!S23 -> 2200 | C40: =OPEX!T23 -> 2200 | D40: =OPEX!U23 -> 2200 | E40: =OPEX!V23 -> 2200 | F40: =OPEX!W23 -> 2200 | G40: =OPEX!X23 -> 2200 | H40: =OPEX!Y23 -> 2200 | I40: =OPEX!Z23 -> 2200 | ... M40: =OPEX!AD23 -> 2750 | N40: =SUM(B40:M40) -> 26950
A41: + Operatives Equipment | B41: =OPEX!S33 -> 11300 | C41: =OPEX!T33 -> 1800 | D41: =OPEX!U33 -> 1800 | E41: =OPEX!V33 -> 1800 | F41: =OPEX!W33 -> 4500 | G41: =OPEX!X33 -> 2000 | H41: =OPEX!Y33 -> 2000 | I41: =OPEX!Z33 -> 4700 | ... M41: =OPEX!AD33 -> 5900 | N41: =SUM(B41:M41) -> 42400
A42: + Versicherungen | B42: =OPEX!S41 -> 225 | C42: =OPEX!T41 -> 225 | D42: =OPEX!U41 -> 225 | E42: =OPEX!V41 -> 225 | F42: =OPEX!W41 -> 250 | G42: =OPEX!X41 -> 250 | H42: =OPEX!Y41 -> 250 | I42: =OPEX!Z41 -> 275 | ... M42: =OPEX!AD41 -> 300 | N42: =SUM(B42:M42) -> 3050
A43: + Rechts- und Beratungskosten | B43: =OPEX!S51 -> 703.34702 | C43: =OPEX!T51 -> 717.76582 | D43: =OPEX!U51 -> 733.43462 | E43: =OPEX!V51 -> 748.17322 | F43: =OPEX!W51 -> 766.37122 | G43: =OPEX!X51 -> 769.56922 | H43: =OPEX!Y51 -> 780.26722 | I43: =OPEX!Z51 -> 804.71522 | ... M43: =OPEX!AD51 -> 848.97552 | N43: =SUM(B43:M43) -> 9343.5111
A44: + Marketingkosten | B44: =OPEX!S60 -> 22500 | C44: =OPEX!T60 -> 22500 | D44: =OPEX!U60 -> 22500 | E44: =OPEX!V60 -> 22500 | F44: =OPEX!W60 -> 22500 | G44: =OPEX!X60 -> 22500 | H44: =OPEX!Y60 -> 27500 | I44: =OPEX!Z60 -> 27500 | ... M44: =OPEX!AD60 -> 27500 | N44: =SUM(B44:M44) -> 300000
A45: + Reisekosten | B45: =OPEX!S67 -> 1200 | C45: =OPEX!T67 -> 1200 | D45: =OPEX!U67 -> 1200 | E45: =OPEX!V67 -> 1200 | F45: =OPEX!W67 -> 1200 | G45: =OPEX!X67 -> 1200 | H45: =OPEX!Y67 -> 1200 | I45: =OPEX!Z67 -> 1200 | ... M45: =OPEX!AD67 -> 1200 | N45: =SUM(B45:M45) -> 14400
A46: + Sonstige Kosten | B46: =OPEX!S74 -> 816.8035 | C46: =OPEX!T74 -> 960.9915 | D46: =OPEX!U74 -> 1117.6795 | E46: =OPEX!V74 -> 1265.0655 | F46: =OPEX!W74 -> 1297.0455 | G46: =OPEX!X74 -> 1329.0255 | H46: =OPEX!Y74 -> 1436.0055 | I46: =OPEX!Z74 -> 1530.4855 | ... M46: =OPEX!AD74 -> 1823.0885 | N46: =SUM(B46:M46) -> 16735.111
A47: + Zinsen | B47: =Finanzierung!S24 -> 2166.6667 | C47: =Finanzierung!T24 -> 2149.9668 | D47: =Finanzierung!U24 -> 2133.2112 | E47: =Finanzierung!V24 -> 2116.3999 | F47: =Finanzierung!W24 -> 2099.5324 | G47: =Finanzierung!X24 -> 2082.6088 | H47: =Finanzierung!Y24 -> 2065.6287 | I47: =Finanzierung!Z24 -> 2048.592 | ... M47: =Finanzierung!AD24 -> 1979.8756 | N47: =SUM(B47:M47) -> 24885.469
A48: + Abschreibungen | B48: =CAPEX!S29 -> 5000 | C48: =CAPEX!T29 -> 5000 | D48: =CAPEX!U29 -> 5000 | E48: =CAPEX!V29 -> 5000 | F48: =CAPEX!W29 -> 5000 | G48: =CAPEX!X29 -> 5000 | H48: =CAPEX!Y29 -> 5000 | I48: =CAPEX!Z29 -> 5000 | ... M48: =CAPEX!AD29 -> 5000 | N48: =SUM(B48:M48) -> 60000
A49: = Summe Kosten | B49: =SUM(B39:B46) -> 91549.317 | C49: =SUM(C39:C46) -> 82207.924 | D49: =SUM(D39:D46) -> 82380.281 | E49: =SUM(E39:E46) -> 82542.405 | F49: =SUM(F39:F46) -> 88963.417 | G49: =SUM(G39:G46) -> 86498.595 | H49: =SUM(H39:H46) -> 91616.273 | I49: =SUM(I39:I46) -> 101231.03 | ... M49: =SUM(M39:M46) -> 106988.73 | N49: =SUM(N39:N48) -> 1195680.8
A51: = Betriebsergebnis vor Steuern | B51: =B36-B49 -> -29563.967 | C51: =C36-C49 -> -8563.774 | D51: =D36-D49 -> 6572.6692 | E51: =E36-E49 -> 15929.145 | F51: =F36-F49 -> 7306.1333 | G51: =G36-G49 -> 12368.955 | H51: =H36-H49 -> 16149.277 | I51: =I36-I49 -> 14182.516 | ... N51: =N36-N49 -> 74360.342
A54: Umsatz- und Ertragsvorschau - 3. Jahr
A55: Firma: | B55: =Cover!$C$11 -> Ellmann Consulting GmbH
A56: 3. Geschäftsjahr | B56: 1. Monat | C56: 2. Monat | D56: 3. Monat | E56: 4. Monat | F56: 5. Monat | G56: 6. Monat | H56: 7. Monat | I56: 8. Monat | J56: 9. Monat | K56: 10. Monat | L56: 11. Monat | M56: 12. Monat | N56: Summe
B57: =DATE(YEAR(M31)+1,MONTH(M31)+1,DAY(M31)) -> 47119 | C57: =DATE(YEAR(B57),MONTH(B57)+1,DAY(B57)) -> 47150 | D57: =DATE(YEAR(C57),MONTH(C57)+1,DAY(C57)) -> 47178 | E57: =DATE(YEAR(D57),MONTH(D57)+1,DAY(D57)) -> 47209 | F57: =DATE(YEAR(E57),MONTH(E57)+1,DAY(E57)) -> 47239 | G57: =DATE(YEAR(F57),MONTH(F57)+1,DAY(F57)) -> 47270 | H57: =DATE(YEAR(G57),MONTH(G57)+1,DAY(G57)) -> 47300 | I57: =DATE(YEAR(H57),MONTH(H57)+1,DAY(H57)) -> 47331 | J57: =DATE(YEAR(I57),MONTH(I57)+1,DAY(I57)) -> 47362 | ... M57: =DATE(YEAR(L57),MONTH(L57)+1,DAY(L57)) -> 47453
A59: Nettoumsatz (ohne MwSt.) | B59: ='Umsatz | COGS'!AE51 -> 200775.9 | C59: ='Umsatz | COGS'!AF51 -> 217992.95 | D59: ='Umsatz | COGS'!AG51 -> 236460 | E59: ='Umsatz | COGS'!AH51 -> 254636.45 | F59: ='Umsatz | COGS'!AI51 -> 261272.3 | G59: ='Umsatz | COGS'!AJ51 -> 267908.15 | H59: ='Umsatz | COGS'!AK51 -> 277044 | I59: ='Umsatz | COGS'!AL51 -> 292429.85 | ... M59: ='Umsatz | COGS'!AP51 -> 330702.95 | N59: =SUM(B59:M59) -> 3281806.9
A60: - Wareneinsatz | B60: ='Umsatz | COGS'!AE70 -> 24630 | C60: ='Umsatz | COGS'!AF70 -> 27915 | D60: ='Umsatz | COGS'!AG70 -> 28800 | E60: ='Umsatz | COGS'!AH70 -> 29865 | F60: ='Umsatz | COGS'!AI70 -> 31110 | G60: ='Umsatz | COGS'!AJ70 -> 32355 | H60: ='Umsatz | COGS'!AK70 -> 34200 | I60: ='Umsatz | COGS'!AL70 -> 36645 | ... M60: ='Umsatz | COGS'!AP70 -> 41715 | N60: =SUM(B60:M60) -> 404730
A61: - Fremdleistungen | B61: ='Umsatz | COGS'!AE71 -> 24000 | C61: ='Umsatz | COGS'!AF71 -> 24000 | D61: ='Umsatz | COGS'!AG71 -> 24000 | E61: ='Umsatz | COGS'!AH71 -> 28800 | F61: ='Umsatz | COGS'!AI71 -> 33600 | G61: ='Umsatz | COGS'!AJ71 -> 33600 | H61: ='Umsatz | COGS'!AK71 -> 33600 | I61: ='Umsatz | COGS'!AL71 -> 33600 | ... M61: ='Umsatz | COGS'!AP71 -> 37200 | N61: =SUM(B61:M61) -> 378000
A62: = Rohertrag | B62: =B59-B60-B61 -> 152145.9 | C62: =C59-C60-C61 -> 166077.95 | D62: =D59-D60-D61 -> 183660 | E62: =E59-E60-E61 -> 195971.45 | F62: =F59-F60-F61 -> 196562.3 | G62: =G59-G60-G61 -> 201953.15 | H62: =H59-H60-H61 -> 209244 | I62: =I59-I60-I61 -> 222184.85 | ... N62: =N59-N60-N61 -> 2499076.9
A64: Betriebliche Kosten
A65: Personalkosten inkl. Nebenkosten | B65: =HR!AE46 -> 66666.667 | C65: =HR!AF46 -> 73437.5 | D65: =HR!AG46 -> 73437.5 | E65: =HR!AH46 -> 73437.5 | F65: =HR!AI46 -> 77083.333 | G65: =HR!AJ46 -> 77083.333 | H65: =HR!AK46 -> 77083.333 | I65: =HR!AL46 -> 80729.167 | ... M65: =HR!AP46 -> 84375 | N65: =SUM(B65:M65) -> 925520.83
A66: + Miete und Mietnebenkosten | B66: =OPEX!AE23 -> 2750 | C66: =OPEX!AF23 -> 2750 | D66: =OPEX!AG23 -> 2750 | E66: =OPEX!AH23 -> 2750 | F66: =OPEX!AI23 -> 3300 | G66: =OPEX!AJ23 -> 3300 | H66: =OPEX!AK23 -> 3300 | I66: =OPEX!AL23 -> 3300 | ... M66: =OPEX!AP23 -> 3300 | N66: =SUM(B66:M66) -> 37400
A67: + Operatives Equipment | B67: =OPEX!AE33 -> 2400 | C67: =OPEX!AF33 -> 5100 | D67: =OPEX!AG33 -> 2600 | E67: =OPEX!AH33 -> 2600 | F67: =OPEX!AI33 -> 6300 | G67: =OPEX!AJ33 -> 2800 | H67: =OPEX!AK33 -> 2800 | I67: =OPEX!AL33 -> 5500 | ... M67: =OPEX!AP33 -> 5700 | N67: =SUM(B67:M67) -> 44800
A68: + Versicherungen | B68: =OPEX!AE41 -> 300 | C68: =OPEX!AF41 -> 325 | D68: =OPEX!AG41 -> 325 | E68: =OPEX!AH41 -> 325 | F68: =OPEX!AI41 -> 350 | G68: =OPEX!AJ41 -> 350 | H68: =OPEX!AK41 -> 350 | I68: =OPEX!AL41 -> 375 | ... M68: =OPEX!AP41 -> 400 | N68: =SUM(B68:M68) -> 4225
A69: + Rechts- und Beratungskosten | B69: =OPEX!AE51 -> 867.44257 | C69: =OPEX!AF51 -> 899.65962 | D69: =OPEX!AG51 -> 918.12667 | E69: =OPEX!AH51 -> 936.30312 | F69: =OPEX!AI51 -> 957.93897 | G69: =OPEX!AJ51 -> 964.57482 | H69: =OPEX!AK51 -> 973.71067 | I69: =OPEX!AL51 -> 1004.0965 | ... M69: =OPEX!AP51 -> 1057.3696 | N69: =SUM(B69:M69) -> 11656.807
A70: + Marketingkosten | B70: =OPEX!AE60 -> 30500 | C70: =OPEX!AF60 -> 30500 | D70: =OPEX!AG60 -> 30500 | E70: =OPEX!AH60 -> 30500 | F70: =OPEX!AI60 -> 30500 | G70: =OPEX!AJ60 -> 30500 | H70: =OPEX!AK60 -> 32500 | I70: =OPEX!AL60 -> 32500 | ... M70: =OPEX!AP60 -> 32500 | N70: =SUM(B70:M70) -> 378000
A71: + Reisekosten | B71: =OPEX!AE67 -> 1200 | C71: =OPEX!AF67 -> 1800 | D71: =OPEX!AG67 -> 1800 | E71: =OPEX!AH67 -> 1800 | F71: =OPEX!AI67 -> 1800 | G71: =OPEX!AJ67 -> 1800 | H71: =OPEX!AK67 -> 1800 | I71: =OPEX!AL67 -> 1800 | ... M71: =OPEX!AP67 -> 1800 | N71: =SUM(B71:M71) -> 21000
A72: + Sonstige Kosten | B72: =OPEX!AE74 -> 2007.759 | C72: =OPEX!AF74 -> 2179.9295 | D72: =OPEX!AG74 -> 2364.6 | E72: =OPEX!AH74 -> 2546.3645 | F72: =OPEX!AI74 -> 2612.723 | G72: =OPEX!AJ74 -> 2679.0815 | H72: =OPEX!AK74 -> 2770.44 | I72: =OPEX!AL74 -> 2924.2985 | ... M72: =OPEX!AP74 -> 3307.0295 | N72: =SUM(B72:M72) -> 32818.069
A73: + Zinsen | B73: =Finanzierung!AE24 -> 1962.553 | C73: =Finanzierung!AF24 -> 1945.1728 | D73: =Finanzierung!AG24 -> 1927.7346 | E73: =Finanzierung!AH24 -> 1910.2383 | F73: =Finanzierung!AI24 -> 1892.6836 | G73: =Finanzierung!AJ24 -> 1875.0705 | H73: =Finanzierung!AK24 -> 1857.3986 | I73: =Finanzierung!AL24 -> 1839.6678 | ... M73: =Finanzierung!AP24 -> 1768.1518 | N73: =SUM(B73:M73) -> 22390.698
A74: + Abschreibungen | B74: =CAPEX!AE29 -> 5000 | C74: =CAPEX!AF29 -> 5000 | D74: =CAPEX!AG29 -> 5000 | E74: =CAPEX!AH29 -> 5000 | F74: =CAPEX!AI29 -> 5000 | G74: =CAPEX!AJ29 -> 5000 | H74: =CAPEX!AK29 -> 5000 | I74: =CAPEX!AL29 -> 5000 | ... M74: =CAPEX!AP29 -> 5000 | N74: =SUM(B74:M74) -> 60000
A75: = Summe Kosten | B75: =SUM(B65:B72) -> 106691.87 | C75: =SUM(C65:C72) -> 116992.09 | D75: =SUM(D65:D72) -> 114695.23 | E75: =SUM(E65:E72) -> 114895.17 | F75: =SUM(F65:F72) -> 122904 | G75: =SUM(G65:G72) -> 119476.99 | H75: =SUM(H65:H72) -> 121577.48 | I75: =SUM(I65:I72) -> 128132.56 | ... M75: =SUM(M65:M72) -> 132439.4 | N75: =SUM(N65:N74) -> 1537811.4
A77: = Betriebsergebnis vor Steuern | B77: =B62-B75 -> 45454.032 | C77: =C62-C75 -> 49085.861 | D77: =D62-D75 -> 68964.773 | E77: =E62-E75 -> 81076.282 | F77: =F62-F75 -> 73658.305 | G77: =G62-G75 -> 82476.16 | H77: =H62-H75 -> 87666.516 | I77: =I62-I75 -> 94052.288 | ... N77: =N62-N75 -> 961265.49
B81: -> Zur Liquiditätsplanung
A84: Schritte | B84: 1 | C84: 2 | D84: 3 | E84: 4 | F84: 5 | G84: 6 | H84: 7 | I84: 8 | J84: 9
A85: Arbeitsblatt | B85: Annahmen | C85: Umsatz | COGS | D85: HR | E85: OPEX | F85: CAPEX | G85: Rentabilität | H85: Liquidität | I85: Finanzierung | J85: Final Check
A86: Prozessfortschritt

Sheet Liquiditätsplan
A1: Liquiditätsplan - 1. Jahr | P1: Druckversion
A3: Firma: | B3: =Cover!$C$11 -> Ellmann Consulting GmbH | F3: Zahlungsziel: | G3: 1 | H3: (1=gleicher Monat, 2=nächster Monat)
A4: 1. Geschäftsjahr | B4: 1. Monat | C4: 2. Monat | D4: 3. Monat | E4: 4. Monat | F4: 5. Monat | G4: 6. Monat | H4: 7. Monat | I4: 8. Monat | J4: 9. Monat | K4: 10. Monat | L4: 11. Monat | M4: 12. Monat | N4: Summe
B5: =DATE(YEAR(Cover!$C$15),MONTH(Cover!$C$15),DAY(Cover!$C$15)) -> 45658 | C5: =DATE(YEAR(B5),MONTH(B5)+1,DAY(B5)) -> 45689 | D5: =DATE(YEAR(C5),MONTH(C5)+1,DAY(C5)) -> 45717 | E5: =DATE(YEAR(D5),MONTH(D5)+1,DAY(D5)) -> 45748 | F5: =DATE(YEAR(E5),MONTH(E5)+1,DAY(E5)) -> 45778 | G5: =DATE(YEAR(F5),MONTH(F5)+1,DAY(F5)) -> 45809 | H5: =DATE(YEAR(G5),MONTH(G5)+1,DAY(G5)) -> 45839 | I5: =DATE(YEAR(H5),MONTH(H5)+1,DAY(H5)) -> 45870 | J5: =DATE(YEAR(I5),MONTH(I5)+1,DAY(I5)) -> 45901 | ... M5: =DATE(YEAR(L5),MONTH(L5)+1,DAY(L5)) -> 45992
A7: Kontostand Monatsanfang | B7: =Cover!C16 -> 25000 | C7: =B35 -> 326119.58 | D7: =C35 -> 289054.58 | E7: =D35 -> 263143.33 | F7: =E35 -> 238820.99 | G7: =F35 -> 214615.99 | H7: =G35 -> 191628.34 | I7: =H35 -> 164858.02 | J7: =I35 -> 144286.29 | ... M7: =L35 -> 100158
A8: Einzahlungen
A9: Einzahlungen aus Umsätzen | B9: =IF($G$3=1,'Umsatz- und Ertragsvorschau'!B7,0) -> 8750 | C9: =IF($G$3=1,'Umsatz- und Ertragsvorschau'!C7,'Umsatz- und Ertragsvorschau'!B7) -> 20000 | D9: =IF($G$3=1,'Umsatz- und Ertragsvorschau'!D7,'Umsatz- und Ertragsvorschau'!C7) -> 28750 | E9: =IF($G$3=1,'Umsatz- und Ertragsvorschau'!E7,'Umsatz- und Ertragsvorschau'!D7) -> 40559.65 | F9: =IF($G$3=1,'Umsatz- und Ertragsvorschau'!F7,'Umsatz- und Ertragsvorschau'!E7) -> 42078.7 | G9: =IF($G$3=1,'Umsatz- und Ertragsvorschau'!G7,'Umsatz- und Ertragsvorschau'!F7) -> 43597.75 | H9: =IF($G$3=1,'Umsatz- und Ertragsvorschau'!H7,'Umsatz- und Ertragsvorschau'!G7) -> 45116.8 | I9: =IF($G$3=1,'Umsatz- und Ertragsvorschau'!I7,'Umsatz- und Ertragsvorschau'!H7) -> 52885.85 | J9: =IF($G$3=1,'Umsatz- und Ertragsvorschau'!J7,'Umsatz- und Ertragsvorschau'!I7) -> 54404.9 | ... M9: =IF($G$3=1,'Umsatz- und Ertragsvorschau'!M7,'Umsatz- und Ertragsvorschau'!L7) -> 66011.55 | N9: =SUM(B9:M9) -> 528421.9
A10: + Bankdarlehen | B10: =Finanzierung!G8 -> 650000 | F10: =Finanzierung!K17 -> 0 | N10: =SUM(B10:M10) -> 650000
A11: + Sonstige Einzahlungen | B11: =Finanzierung!G33 -> 0 | C11: =Finanzierung!H33 -> 0 | D11: =Finanzierung!I33 -> 0 | E11: =Finanzierung!J33 -> 0 | F11: =Finanzierung!K33 -> 0 | G11: =Finanzierung!L33 -> 0 | H11: =Finanzierung!M33 -> 0 | I11: =Finanzierung!N33 -> 0 | ... M11: =Finanzierung!R33 -> 0 | N11: =SUM(B11:M11) -> 0
A12: = Gesamte Einzahlungen | B12: =SUM(B9:B11) -> 658750 | C12: =SUM(C9:C11) -> 20000 | D12: =SUM(D9:D11) -> 28750 | E12: =SUM(E9:E11) -> 40559.65 | F12: =SUM(F9:F11) -> 42078.7 | G12: =SUM(G9:G11) -> 43597.75 | H12: =SUM(H9:H11) -> 45116.8 | I12: =SUM(I9:I11) -> 52885.85 | ... M12: =SUM(M9:M11) -> 66011.55 | N12: =SUM(B12:M12) -> 1178421.9
A13: = Verfügbare Mittel | B13: =B7+B12 -> 683750 | C13: =C7+C12 -> 346119.58 | D13: =D7+D12 -> 317804.58 | E13: =E7+E12 -> 303702.98 | F13: =F7+F12 -> 280899.69 | G13: =G7+G12 -> 258213.74 | H13: =H7+H12 -> 236745.14 | I13: =I7+I12 -> 217743.87 | ... M13: =M7+M12 -> 166169.55
A15: Auszahlungen
A16: Investitionen | B16: =CAPEX!G28 -> 300000 | C16: =CAPEX!H28 -> 0 | D16: =CAPEX!I28 -> 0 | E16: =CAPEX!J28 -> 0 | F16: =CAPEX!K28 -> 0 | G16: =CAPEX!L28 -> 0 | H16: =CAPEX!M28 -> 0 | I16: =CAPEX!N28 -> 0 | ... M16: =CAPEX!R28 -> 0 | N16: =SUM(B16:M16) -> 300000
A17: + Wareneinsatz | B17: ='Umsatz- und Ertragsvorschau'!B8 -> 1800 | C17: ='Umsatz- und Ertragsvorschau'!C8 -> 3600 | D17: ='Umsatz- und Ertragsvorschau'!D8 -> 3600 | E17: ='Umsatz- und Ertragsvorschau'!E8 -> 3705 | F17: ='Umsatz- und Ertragsvorschau'!F8 -> 3990 | G17: ='Umsatz- und Ertragsvorschau'!G8 -> 4275 | H17: ='Umsatz- und Ertragsvorschau'!H8 -> 4560 | I17: ='Umsatz- und Ertragsvorschau'!I8 -> 6045 | ... M17: ='Umsatz- und Ertragsvorschau'!M8 -> 7335 | N17: =SUM(B17:M17) -> 58830
A18: + Fremdleistungen | B18: ='Umsatz- und Ertragsvorschau'!B9 -> 0 | C18: ='Umsatz- und Ertragsvorschau'!C9 -> 0 | D18: ='Umsatz- und Ertragsvorschau'!D9 -> 0 | E18: ='Umsatz- und Ertragsvorschau'!E9 -> 3600 | F18: ='Umsatz- und Ertragsvorschau'!F9 -> 7200 | G18: ='Umsatz- und Ertragsvorschau'!G9 -> 7200 | H18: ='Umsatz- und Ertragsvorschau'!H9 -> 7200 | I18: ='Umsatz- und Ertragsvorschau'!I9 -> 7200 | ... M18: ='Umsatz- und Ertragsvorschau'!M9 -> 9600 | N18: =SUM(B18:M18) -> 66000
A19: + Personalkosten inkl. Nebenkosten | B19: ='Umsatz- und Ertragsvorschau'!B13 -> 25520.833 | C19: ='Umsatz- und Ertragsvorschau'!C13 -> 32291.667 | D19: ='Umsatz- und Ertragsvorschau'!D13 -> 32291.667 | E19: ='Umsatz- und Ertragsvorschau'!E13 -> 35937.5 | F19: ='Umsatz- und Ertragsvorschau'!F13 -> 35937.5 | G19: ='Umsatz- und Ertragsvorschau'!G13 -> 35937.5 | H19: ='Umsatz- und Ertragsvorschau'!H13 -> 35937.5 | I19: ='Umsatz- und Ertragsvorschau'!I13 -> 35937.5 | ... M19: ='Umsatz- und Ertragsvorschau'!M13 -> 35937.5 | N19: =SUM(B19:M19) -> 413541.67
A20: + Miete und Mietnebenkosten | B20: ='Umsatz- und Ertragsvorschau'!B14 -> 1500 | C20: ='Umsatz- und Ertragsvorschau'!C14 -> 1500 | D20: ='Umsatz- und Ertragsvorschau'!D14 -> 1500 | E20: ='Umsatz- und Ertragsvorschau'!E14 -> 1500 | F20: ='Umsatz- und Ertragsvorschau'!F14 -> 1500 | G20: ='Umsatz- und Ertragsvorschau'!G14 -> 1500 | H20: ='Umsatz- und Ertragsvorschau'!H14 -> 1500 | I20: ='Umsatz- und Ertragsvorschau'!I14 -> 1500 | ... M20: ='Umsatz- und Ertragsvorschau'!M14 -> 1500 | N20: =SUM(B20:M20) -> 18000
A21: + Operatives Equipment | B21: ='Umsatz- und Ertragsvorschau'!B15 -> 12800 | C21: ='Umsatz- und Ertragsvorschau'!C15 -> 3500 | D21: ='Umsatz- und Ertragsvorschau'!D15 -> 1000 | E21: ='Umsatz- und Ertragsvorschau'!E15 -> 3700 | F21: ='Umsatz- und Ertragsvorschau'!F15 -> 1200 | G21: ='Umsatz- und Ertragsvorschau'!G15 -> 1200 | H21: ='Umsatz- und Ertragsvorschau'!H15 -> 1200 | I21: ='Umsatz- und Ertragsvorschau'!I15 -> 1200 | ... M21: ='Umsatz- und Ertragsvorschau'!M15 -> 1200 | N21: =SUM(B21:M21) -> 30600
A22: + Versicherungen | B22: ='Umsatz- und Ertragsvorschau'!B16 -> 100 | C22: ='Umsatz- und Ertragsvorschau'!C16 -> 125 | D22: ='Umsatz- und Ertragsvorschau'!D16 -> 125 | E22: ='Umsatz- und Ertragsvorschau'!E16 -> 150 | F22: ='Umsatz- und Ertragsvorschau'!F16 -> 150 | G22: ='Umsatz- und Ertragsvorschau'!G16 -> 150 | H22: ='Umsatz- und Ertragsvorschau'!H16 -> 150 | I22: ='Umsatz- und Ertragsvorschau'!I16 -> 150 | ... M22: ='Umsatz- und Ertragsvorschau'!M16 -> 150 | N22: =SUM(B22:M22) -> 1700
A23: + Rechts- und Beratungskosten | B23: ='Umsatz- und Ertragsvorschau'!B17 -> 555.41667 | C23: ='Umsatz- und Ertragsvorschau'!C17 -> 581.66667 | D23: ='Umsatz- und Ertragsvorschau'!D17 -> 590.41667 | E23: ='Umsatz- und Ertragsvorschau'!E17 -> 617.22632 | F23: ='Umsatz- und Ertragsvorschau'!F17 -> 618.74537 | G23: ='Umsatz- und Ertragsvorschau'!G17 -> 620.26442 | H23: ='Umsatz- und Ertragsvorschau'!H17 -> 621.78347 | I23: ='Umsatz- und Ertragsvorschau'!I17 -> 629.55252 | ... M23: ='Umsatz- und Ertragsvorschau'!M17 -> 642.67822 | N23: =SUM(B23:M23) -> 7388.4219
A24: + Marketingkosten | B24: ='Umsatz- und Ertragsvorschau'!B18 -> 12500 | C24: ='Umsatz- und Ertragsvorschau'!C18 -> 12500 | D24: ='Umsatz- und Ertragsvorschau'!D18 -> 12500 | E24: ='Umsatz- und Ertragsvorschau'!E18 -> 12500 | F24: ='Umsatz- und Ertragsvorschau'!F18 -> 12500 | G24: ='Umsatz- und Ertragsvorschau'!G18 -> 12500 | H24: ='Umsatz- und Ertragsvorschau'!H18 -> 17500 | I24: ='Umsatz- und Ertragsvorschau'!I18 -> 17500 | ... M24: ='Umsatz- und Ertragsvorschau'!M18 -> 17500 | N24: =SUM(B24:M24) -> 180000
A25: + Reisekosten | B25: ='Umsatz- und Ertragsvorschau'!B19 -> 600 | C25: ='Umsatz- und Ertragsvorschau'!C19 -> 600 | D25: ='Umsatz- und Ertragsvorschau'!D19 -> 600 | E25: ='Umsatz- und Ertragsvorschau'!E19 -> 600 | F25: ='Umsatz- und Ertragsvorschau'!F19 -> 600 | G25: ='Umsatz- und Ertragsvorschau'!G19 -> 600 | H25: ='Umsatz- und Ertragsvorschau'!H19 -> 600 | I25: ='Umsatz- und Ertragsvorschau'!I19 -> 600 | ... M25: ='Umsatz- und Ertragsvorschau'!M19 -> 600 | N25: =SUM(B25:M25) -> 7200
A26: + Sonstige Kosten | B26: ='Umsatz- und Ertragsvorschau'!B20 -> 87.5 | C26: ='Umsatz- und Ertragsvorschau'!C20 -> 200 | D26: ='Umsatz- und Ertragsvorschau'!D20 -> 287.5 | E26: ='Umsatz- und Ertragsvorschau'!E20 -> 405.5965 | F26: ='Umsatz- und Ertragsvorschau'!F20 -> 420.787 | G26: ='Umsatz- und Ertragsvorschau'!G20 -> 435.9775 | H26: ='Umsatz- und Ertragsvorschau'!H20 -> 451.168 | I26: ='Umsatz- und Ertragsvorschau'!I20 -> 528.8585 | ... M26: ='Umsatz- und Ertragsvorschau'!M20 -> 660.1155 | N26: =SUM(B26:M26) -> 5284.219
A27: + Zinsen | B27: ='Umsatz- und Ertragsvorschau'!B21 -> 2166.6667 | C27: ='Umsatz- und Ertragsvorschau'!C21 -> 2166.6667 | D27: ='Umsatz- und Ertragsvorschau'!D21 -> 2166.6667 | E27: ='Umsatz- und Ertragsvorschau'!E21 -> 2166.6667 | F27: ='Umsatz- und Ertragsvorschau'!F21 -> 2166.6667 | G27: ='Umsatz- und Ertragsvorschau'!G21 -> 2166.6667 | H27: ='Umsatz- und Ertragsvorschau'!H21 -> 2166.6667 | I27: ='Umsatz- und Ertragsvorschau'!I21 -> 2166.6667 | ... M27: ='Umsatz- und Ertragsvorschau'!M21 -> 2166.6667 | N27: =SUM(B27:M27) -> 26000
A28: + betriebliche Steuern | C28: =IF('Umsatz- und Ertragsvorschau'!N25>0,('Umsatz- und Ertragsvorschau'!N25*0.035*S28)/4,0) -> 0 | D28: =IF('Umsatz- und Ertragsvorschau'!N25>0,('Umsatz- und Ertragsvorschau'!N25*Q28)/4,0) -> 0 | F28: =$C28 -> 0 | G28: =$D28 -> 0 | I28: =$C28 -> 0 | J28: =$D28 -> 0 | L28: =$C28 -> 0 | M28: =$D28 -> 0 | N28: =SUM(B28:M28) -> 0 | O28: Kapitalgesellschaft | P28: =IF(O28="Kapitalgesellschaft","Körperschaftsteuer:","Einkommensteuer:") -> Körperschaftsteuer: | Q28: =IF(O28="Kapitalgesellschaft",15%,30%) -> 0.15 | R28: Hebesatz: | S28: 4.1
A29: + Unternehmerlohn | B29: =HR!G48 -> 0 | C29: =HR!H48 -> 0 | D29: =HR!I48 -> 0 | E29: =HR!J48 -> 0 | F29: =HR!K48 -> 0 | G29: =HR!L48 -> 0 | H29: =HR!M48 -> 0 | I29: =HR!N48 -> 0 | ... M29: =HR!R48 -> 0 | N29: =SUM(B29:M29) -> 0 | P29: März & vierteljährlich | S29: Februar & vierteljahrlich
A30: + Tilgung | B30: =Finanzierung!G25 -> 0 | C30: =Finanzierung!H25 -> 0 | D30: =Finanzierung!I25 -> 0 | E30: =Finanzierung!J25 -> 0 | F30: =Finanzierung!K25 -> 0 | G30: =Finanzierung!L25 -> 0 | H30: =Finanzierung!M25 -> 0 | I30: =Finanzierung!N25 -> 0 | ... M30: =Finanzierung!R25 -> 0 | N30: =SUM(B30:M30) -> 0
A31: + Dividenden | B31: =Finanzierung!G31 -> 0 | C31: =Finanzierung!H31 -> 0 | D31: =Finanzierung!I31 -> 0 | E31: =Finanzierung!J31 -> 0 | F31: =Finanzierung!K31 -> 0 | G31: =Finanzierung!L31 -> 0 | H31: =Finanzierung!M31 -> 0 | I31: =Finanzierung!N31 -> 0 | ... M31: =Finanzierung!R31 -> 0 | N31: =SUM(B31:M31) -> 0
A32: = Gesamte Auszahlungen | B32: =SUM(B16:B31) -> 357630.42 | C32: =SUM(C16:C31) -> 57065 | D32: =SUM(D16:D31) -> 54661.25 | E32: =SUM(E16:E31) -> 64881.989 | F32: =SUM(F16:F31) -> 66283.699 | G32: =SUM(G16:G31) -> 66585.409 | H32: =SUM(H16:H31) -> 71887.118 | I32: =SUM(I16:I31) -> 73457.578 | ... N32: =SUM(N16:N31) -> 1114544.3
A33: = Monatlicher Saldo | B33: =B12-B32 -> 301119.58 | C33: =C12-C32 -> -37065 | D33: =D12-D32 -> -25911.25 | E33: =E12-E32 -> -24322.339 | F33: =F12-F32 -> -24204.999 | G33: =G12-G32 -> -22987.659 | H33: =H12-H32 -> -26770.318 | I33: =I12-I32 -> -20571.728 | ... N33: =N12-N32 -> 63877.592
A35: = Kontostand Monatsende | B35: =B7+B33 -> 326119.58 | C35: =C7+C33 -> 289054.58 | D35: =D7+D33 -> 263143.33 | E35: =E7+E33 -> 238820.99 | F35: =F7+F33 -> 214615.99 | G35: =G7+G33 -> 191628.34 | H35: =H7+H33 -> 164858.02 | I35: =I7+I33 -> 144286.29 | ... M35: =M7+M33 -> 88877.592
A38: Liquiditätsplan - 2. Jahr
A39: Firma: | B39: =Cover!$C$11 -> Ellmann Consulting GmbH
A40: 2. Geschäftsjahr | B40: 1. Monat | C40: 2. Monat | D40: 3. Monat | E40: 4. Monat | F40: 5. Monat | G40: 6. Monat | H40: 7. Monat | I40: 8. Monat | J40: 9. Monat | K40: 10. Monat | L40: 11. Monat | M40: 12. Monat | N40: Summe
B41: =DATE(YEAR(M5),MONTH(M5)+1,DAY(M5)) -> 46023 | C41: =DATE(YEAR(B41),MONTH(B41)+1,DAY(B41)) -> 46054 | D41: =DATE(YEAR(C41),MONTH(C41)+1,DAY(C41)) -> 46082 | E41: =DATE(YEAR(D41),MONTH(D41)+1,DAY(D41)) -> 46113 | F41: =DATE(YEAR(E41),MONTH(E41)+1,DAY(E41)) -> 46143 | G41: =DATE(YEAR(F41),MONTH(F41)+1,DAY(F41)) -> 46174 | H41: =DATE(YEAR(G41),MONTH(G41)+1,DAY(G41)) -> 46204 | I41: =DATE(YEAR(H41),MONTH(H41)+1,DAY(H41)) -> 46235 | J41: =DATE(YEAR(I41),MONTH(I41)+1,DAY(I41)) -> 46266 | ... M41: =DATE(YEAR(L41),MONTH(L41)+1,DAY(L41)) -> 46357
A43: Kontostand Monatsanfang | B43: =M35 -> 88877.592 | C43: =B71 -> 52136.995 | D43: =C71 -> 36396.592 | E43: =D71 -> 35792.631 | F43: =E71 -> 44545.146 | G43: =F71 -> 44674.649 | H43: =G71 -> 49866.975 | I43: =H71 -> 58839.622 | J43: =I71 -> 65845.509 | ... M43: =L71 -> 139205.36
A44: Einzahlungen
A45: Einzahlungen aus Umsätzen | B45: =IF($G$3=1,'Umsatz- und Ertragsvorschau'!B33,'Umsatz- und Ertragsvorschau'!M7) -> 81680.35 | C45: =IF($G$3=1,'Umsatz- und Ertragsvorschau'!C33,'Umsatz- und Ertragsvorschau'!B33) -> 96099.15 | D45: =IF($G$3=1,'Umsatz- und Ertragsvorschau'!D33,'Umsatz- und Ertragsvorschau'!C33) -> 111767.95 | E45: =IF($G$3=1,'Umsatz- und Ertragsvorschau'!E33,'Umsatz- und Ertragsvorschau'!D33) -> 126506.55 | F45: =IF($G$3=1,'Umsatz- und Ertragsvorschau'!F33,'Umsatz- und Ertragsvorschau'!E33) -> 129704.55 | G45: =IF($G$3=1,'Umsatz- und Ertragsvorschau'!G33,'Umsatz- und Ertragsvorschau'!F33) -> 132902.55 | H45: =IF($G$3=1,'Umsatz- und Ertragsvorschau'!H33,'Umsatz- und Ertragsvorschau'!G33) -> 143600.55 | I45: =IF($G$3=1,'Umsatz- und Ertragsvorschau'!I33,'Umsatz- und Ertragsvorschau'!H33) -> 153048.55 | J45: =IF($G$3=1,'Umsatz- und Ertragsvorschau'!J33,'Umsatz- und Ertragsvorschau'!I33) -> 163746.55 | ... M45: =IF($G$3=1,'Umsatz- und Ertragsvorschau'!M33,'Umsatz- und Ertragsvorschau'!L33) -> 182308.85 | N45: =SUM(B45:M45) -> 1673511.1
A46: + Bankdarlehen | N46: =SUM(B46:M46) -> 0
A47: + Sonstige Einzahlungen | B47: =Finanzierung!S33 -> 0 | C47: =Finanzierung!T33 -> 0 | D47: =Finanzierung!U33 -> 0 | E47: =Finanzierung!V33 -> 0 | F47: =Finanzierung!W33 -> 0 | G47: =Finanzierung!X33 -> 0 | H47: =Finanzierung!Y33 -> 0 | I47: =Finanzierung!Z33 -> 0 | ... M47: =Finanzierung!AD33 -> 0 | N47: =SUM(B47:M47) -> 0
A48: = Gesamte Einzahlungen | B48: =SUM(B45:B47) -> 81680.35 | C48: =SUM(C45:C47) -> 96099.15 | D48: =SUM(D45:D47) -> 111767.95 | E48: =SUM(E45:E47) -> 126506.55 | F48: =SUM(F45:F47) -> 129704.55 | G48: =SUM(G45:G47) -> 132902.55 | H48: =SUM(H45:H47) -> 143600.55 | I48: =SUM(I45:I47) -> 153048.55 | ... M48: =SUM(M45:M47) -> 182308.85 | N48: =SUM(B48:M48) -> 1673511.1
A49: = Verfügbare Mittel | B49: =B43+B48 -> 170557.94 | C49: =C43+C48 -> 148236.15 | D49: =D43+D48 -> 148164.54 | E49: =E43+E48 -> 162299.18 | F49: =F43+F48 -> 174249.7 | G49: =G43+G48 -> 177577.2 | H49: =H43+H48 -> 193467.52 | I49: =I43+I48 -> 211888.17 | ... M49: =M43+M48 -> 321514.21
A51: Auszahlungen
A52: Investitionen | B52: =CAPEX!S28 -> 0 | C52: =CAPEX!T28 -> 0 | D52: =CAPEX!U28 -> 0 | E52: =CAPEX!V28 -> 0 | F52: =CAPEX!W28 -> 0 | G52: =CAPEX!X28 -> 0 | H52: =CAPEX!Y28 -> 0 | I52: =CAPEX!Z28 -> 0 | ... M52: =CAPEX!AD28 -> 0 | N52: =SUM(B52:M52) -> 0
A53: + Wareneinsatz | B53: ='Umsatz- und Ertragsvorschau'!B34 -> 10095 | C53: ='Umsatz- und Ertragsvorschau'!C34 -> 12855 | D53: ='Umsatz- und Ertragsvorschau'!D34 -> 13215 | E53: ='Umsatz- und Ertragsvorschau'!E34 -> 13635 | F53: ='Umsatz- und Ertragsvorschau'!F34 -> 14235 | G53: ='Umsatz- und Ertragsvorschau'!G34 -> 14835 | H53: ='Umsatz- und Ertragsvorschau'!H34 -> 16635 | I53: ='Umsatz- und Ertragsvorschau'!I34 -> 18435 | ... M53: ='Umsatz- und Ertragsvorschau'!M34 -> 21345 | N53: =SUM(B53:M53) -> 194670
A54: + Fremdleistungen | B54: ='Umsatz- und Ertragsvorschau'!B35 -> 9600 | C54: ='Umsatz- und Ertragsvorschau'!C35 -> 9600 | D54: ='Umsatz- und Ertragsvorschau'!D35 -> 9600 | E54: ='Umsatz- und Ertragsvorschau'!E35 -> 14400 | F54: ='Umsatz- und Ertragsvorschau'!F35 -> 19200 | G54: ='Umsatz- und Ertragsvorschau'!G35 -> 19200 | H54: ='Umsatz- und Ertragsvorschau'!H35 -> 19200 | I54: ='Umsatz- und Ertragsvorschau'!I35 -> 19200 | ... M54: ='Umsatz- und Ertragsvorschau'!M35 -> 24000 | N54: =SUM(B54:M54) -> 208800
A55: + Personalkosten inkl. Nebenkosten | B55: ='Umsatz- und Ertragsvorschau'!B39 -> 52604.167 | C55: ='Umsatz- und Ertragsvorschau'!C39 -> 52604.167 | D55: ='Umsatz- und Ertragsvorschau'!D39 -> 52604.167 | E55: ='Umsatz- und Ertragsvorschau'!E39 -> 52604.167 | F55: ='Umsatz- und Ertragsvorschau'!F39 -> 56250 | G55: ='Umsatz- und Ertragsvorschau'!G39 -> 56250 | H55: ='Umsatz- und Ertragsvorschau'!H39 -> 56250 | I55: ='Umsatz- und Ertragsvorschau'!I39 -> 63020.833 | ... M55: ='Umsatz- und Ertragsvorschau'!M39 -> 66666.667 | N55: =SUM(B55:M55) -> 697916.67
A56: + Miete und Mietnebenkosten | B56: ='Umsatz- und Ertragsvorschau'!B40 -> 2200 | C56: ='Umsatz- und Ertragsvorschau'!C40 -> 2200 | D56: ='Umsatz- und Ertragsvorschau'!D40 -> 2200 | E56: ='Umsatz- und Ertragsvorschau'!E40 -> 2200 | F56: ='Umsatz- und Ertragsvorschau'!F40 -> 2200 | G56: ='Umsatz- und Ertragsvorschau'!G40 -> 2200 | H56: ='Umsatz- und Ertragsvorschau'!H40 -> 2200 | I56: ='Umsatz- und Ertragsvorschau'!I40 -> 2200 | ... M56: ='Umsatz- und Ertragsvorschau'!M40 -> 2750 | N56: =SUM(B56:M56) -> 26950
A57: + Operatives Equipment | B57: ='Umsatz- und Ertragsvorschau'!B41 -> 11300 | C57: ='Umsatz- und Ertragsvorschau'!C41 -> 1800 | D57: ='Umsatz- und Ertragsvorschau'!D41 -> 1800 | E57: ='Umsatz- und Ertragsvorschau'!E41 -> 1800 | F57: ='Umsatz- und Ertragsvorschau'!F41 -> 4500 | G57: ='Umsatz- und Ertragsvorschau'!G41 -> 2000 | H57: ='Umsatz- und Ertragsvorschau'!H41 -> 2000 | I57: ='Umsatz- und Ertragsvorschau'!I41 -> 4700 | ... M57: ='Umsatz- und Ertragsvorschau'!M41 -> 5900 | N57: =SUM(B57:M57) -> 42400
A58: + Versicherungen | B58: ='Umsatz- und Ertragsvorschau'!B42 -> 225 | C58: ='Umsatz- und Ertragsvorschau'!C42 -> 225 | D58: ='Umsatz- und Ertragsvorschau'!D42 -> 225 | E58: ='Umsatz- und Ertragsvorschau'!E42 -> 225 | F58: ='Umsatz- und Ertragsvorschau'!F42 -> 250 | G58: ='Umsatz- und Ertragsvorschau'!G42 -> 250 | H58: ='Umsatz- und Ertragsvorschau'!H42 -> 250 | I58: ='Umsatz- und Ertragsvorschau'!I42 -> 275 | ... M58: ='Umsatz- und Ertragsvorschau'!M42 -> 300 | N58: =SUM(B58:M58) -> 3050
A59: + Rechts- und Beratungskosten | B59: ='Umsatz- und Ertragsvorschau'!B43 -> 703.34702 | C59: ='Umsatz- und Ertragsvorschau'!C43 -> 717.76582 | D59: ='Umsatz- und Ertragsvorschau'!D43 -> 733.43462 | E59: ='Umsatz- und Ertragsvorschau'!E43 -> 748.17322 | F59: ='Umsatz- und Ertragsvorschau'!F43 -> 766.37122 | G59: ='Umsatz- und Ertragsvorschau'!G43 -> 769.56922 | H59: ='Umsatz- und Ertragsvorschau'!H43 -> 780.26722 | I59: ='Umsatz- und Ertragsvorschau'!I43 -> 804.71522 | ... M59: ='Umsatz- und Ertragsvorschau'!M43 -> 848.97552 | N59: =SUM(B59:M59) -> 9343.5111
A60: + Marketingkosten | B60: ='Umsatz- und Ertragsvorschau'!B44 -> 22500 | C60: ='Umsatz- und Ertragsvorschau'!C44 -> 22500 | D60: ='Umsatz- und Ertragsvorschau'!D44 -> 22500 | E60: ='Umsatz- und Ertragsvorschau'!E44 -> 22500 | F60: ='Umsatz- und Ertragsvorschau'!F44 -> 22500 | G60: ='Umsatz- und Ertragsvorschau'!G44 -> 22500 | H60: ='Umsatz- und Ertragsvorschau'!H44 -> 27500 | I60: ='Umsatz- und Ertragsvorschau'!I44 -> 27500 | ... M60: ='Umsatz- und Ertragsvorschau'!M44 -> 27500 | N60: =SUM(B60:M60) -> 300000
A61: + Reisekosten | B61: ='Umsatz- und Ertragsvorschau'!B45 -> 1200 | C61: ='Umsatz- und Ertragsvorschau'!C45 -> 1200 | D61: ='Umsatz- und Ertragsvorschau'!D45 -> 1200 | E61: ='Umsatz- und Ertragsvorschau'!E45 -> 1200 | F61: ='Umsatz- und Ertragsvorschau'!F45 -> 1200 | G61: ='Umsatz- und Ertragsvorschau'!G45 -> 1200 | H61: ='Umsatz- und Ertragsvorschau'!H45 -> 1200 | I61: ='Umsatz- und Ertragsvorschau'!I45 -> 1200 | ... M61: ='Umsatz- und Ertragsvorschau'!M45 -> 1200 | N61: =SUM(B61:M61) -> 14400
A62: + Sonstige Kosten | B62: ='Umsatz- und Ertragsvorschau'!B46 -> 816.8035 | C62: ='Umsatz- und Ertragsvorschau'!C46 -> 960.9915 | D62: ='Umsatz- und Ertragsvorschau'!D46 -> 1117.6795 | E62: ='Umsatz- und Ertragsvorschau'!E46 -> 1265.0655 | F62: ='Umsatz- und Ertragsvorschau'!F46 -> 1297.0455 | G62: ='Umsatz- und Ertragsvorschau'!G46 -> 1329.0255 | H62: ='Umsatz- und Ertragsvorschau'!H46 -> 1436.0055 | I62: ='Umsatz- und Ertragsvorschau'!I46 -> 1530.4855 | ... M62: ='Umsatz- und Ertragsvorschau'!M46 -> 1823.0885 | N62: =SUM(B62:M62) -> 16735.111
A63: + Zinsen | B63: ='Umsatz- und Ertragsvorschau'!B47 -> 2166.6667 | C63: ='Umsatz- und Ertragsvorschau'!C47 -> 2149.9668 | D63: ='Umsatz- und Ertragsvorschau'!D47 -> 2133.2112 | E63: ='Umsatz- und Ertragsvorschau'!E47 -> 2116.3999 | F63: ='Umsatz- und Ertragsvorschau'!F47 -> 2099.5324 | G63: ='Umsatz- und Ertragsvorschau'!G47 -> 2082.6088 | H63: ='Umsatz- und Ertragsvorschau'!H47 -> 2065.6287 | I63: ='Umsatz- und Ertragsvorschau'!I47 -> 2048.592 | ... M63: ='Umsatz- und Ertragsvorschau'!M47 -> 1979.8756 | N63: =SUM(B63:M63) -> 24885.469
A64: + betriebliche Steuern | C64: =IF('Umsatz- und Ertragsvorschau'!N25>0,IF('Umsatz- und Ertragsvorschau'!N51>0,'Umsatz- und Ertragsvorschau'!N51*0.035*S64/4,0),IF(('Umsatz- und Ertragsvorschau'!N51+'Umsatz- und Ertragsvorschau'!N25)>0,('Umsatz- und Ertragsvorschau'!N51+'Umsatz- und Ertragsvorschau'!N25)*0.035*S64/4,0)) -> 0 | D64: =IF('Umsatz- und Ertragsvorschau'!N25>0,IF('Umsatz- und Ertragsvorschau'!N51>0,'Umsatz- und Ertragsvorschau'!N51*Q64/4,0),IF(('Umsatz- und Ertragsvorschau'!N51+'Umsatz- und Ertragsvorschau'!N25)>0,('Umsatz- und Ertragsvorschau'!N51+'Umsatz- und Ertragsvorschau'!N25)*Q64/4,0)) -> 0 | F64: =$C64 -> 0 | G64: =$D64 -> 0 | I64: =$C64 -> 0 | J64: =$D64 -> 0 | L64: =$C64 -> 0 | M64: =$D64 -> 0 | N64: =SUM(B64:M64) -> 0 | O64: =O28 -> Kapitalgesellschaft | P64: =IF(O64="Kapitalgesellschaft","Körperschaftsteuer:","Einkommensteuer:") -> Körperschaftsteuer: | Q64: =IF(O64="Kapitalgesellschaft",15%,"") -> 0.15 | R64: Hebesatz: | S64: =S28 -> 4.1
A65: + Unternehmerlohn | B65: =HR!S48 -> 0 | C65: =HR!T48 -> 0 | D65: =HR!U48 -> 0 | E65: =HR!V48 -> 0 | F65: =HR!W48 -> 0 | G65: =HR!X48 -> 0 | H65: =HR!Y48 -> 0 | I65: =HR!Z48 -> 0 | ... M65: =HR!AD48 -> 0 | N65: =SUM(B65:M65) -> 0 | P65: März & vierteljährlich | S65: Februar & vierteljahrlich
A66: + Tilgung | B66: =Finanzierung!S25 -> 5009.9631 | C66: =Finanzierung!T25 -> 5026.663 | D66: =Finanzierung!U25 -> 5043.4185 | E66: =Finanzierung!V25 -> 5060.2299 | F66: =Finanzierung!W25 -> 5077.0974 | G66: =Finanzierung!X25 -> 5094.021 | H66: =Finanzierung!Y25 -> 5111.0011 | I66: =Finanzierung!Z25 -> 5128.0378 | ... M66: =Finanzierung!AD25 -> 5196.7542 | N66: =SUM(B66:M66) -> 61234.088
A67: + Dividenden | B67: =Finanzierung!S31 -> 0 | C67: =Finanzierung!T31 -> 0 | D67: =Finanzierung!U31 -> 0 | E67: =Finanzierung!V31 -> 0 | F67: =Finanzierung!W31 -> 0 | G67: =Finanzierung!X31 -> 0 | H67: =Finanzierung!Y31 -> 0 | I67: =Finanzierung!Z31 -> 0 | ... M67: =Finanzierung!AD31 -> 0 | N67: =SUM(B67:M67) -> 0
A68: = Gesamte Auszahlungen | B68: =SUM(B52:B67) -> 118420.95 | C68: =SUM(C52:C67) -> 111839.55 | D68: =SUM(D52:D67) -> 112371.91 | E68: =SUM(E52:E67) -> 117754.04 | F68: =SUM(F52:F67) -> 129575.05 | G68: =SUM(G52:G67) -> 127710.22 | H68: =SUM(H52:H67) -> 134627.9 | I68: =SUM(I52:I67) -> 146042.66 | ... N68: =SUM(N52:N67) -> 1600384.8
A69: = Monatlicher Saldo | B69: =B48-B68 -> -36740.597 | C69: =C48-C68 -> -15740.404 | D69: =D48-D68 -> -603.96057 | E69: =E48-E68 -> 8752.5148 | F69: =F48-F68 -> 129.5035 | G69: =G48-G68 -> 5192.3255 | H69: =H48-H68 -> 8972.6475 | I69: =I48-I68 -> 7005.8862 | ... N69: =N48-N68 -> 73126.254
A71: = Kontostand Monatsende | B71: =B43+B69 -> 52136.995 | C71: =C43+C69 -> 36396.592 | D71: =D43+D69 -> 35792.631 | E71: =E43+E69 -> 44545.146 | F71: =F43+F69 -> 44674.649 | G71: =G43+G69 -> 49866.975 | H71: =H43+H69 -> 58839.622 | I71: =I43+I69 -> 65845.509 | ... M71: =M43+M69 -> 162003.85
A74: Liquiditätsplan - 3. Jahr
A75: Firma: | B75: =Cover!$C$11 -> Ellmann Consulting GmbH
A76: 3. Geschäftsjahr | B76: 1. Monat | C76: 2. Monat | D76: 3. Monat | E76: 4. Monat | F76: 5. Monat | G76: 6. Monat | H76: 7. Monat | I76: 8. Monat | J76: 9. Monat | K76: 10. Monat | L76: 11. Monat | M76: 12. Monat | N76: Summe
B77: =DATE(YEAR(M41),MONTH(M41)+1,DAY(M41)) -> 46388 | C77: =DATE(YEAR(B77),MONTH(B77)+1,DAY(B77)) -> 46419 | D77: =DATE(YEAR(C77),MONTH(C77)+1,DAY(C77)) -> 46447 | E77: =DATE(YEAR(D77),MONTH(D77)+1,DAY(D77)) -> 46478 | F77: =DATE(YEAR(E77),MONTH(E77)+1,DAY(E77)) -> 46508 | G77: =DATE(YEAR(F77),MONTH(F77)+1,DAY(F77)) -> 46539 | H77: =DATE(YEAR(G77),MONTH(G77)+1,DAY(G77)) -> 46569 | I77: =DATE(YEAR(H77),MONTH(H77)+1,DAY(H77)) -> 46600 | J77: =DATE(YEAR(I77),MONTH(I77)+1,DAY(I77)) -> 46631 | ... M77: =DATE(YEAR(L77),MONTH(L77)+1,DAY(L77)) -> 46722
A79: Kontostand Monatsanfang | B79: =M71 -> 162003.85 | C79: =B107 -> 200281.25 | D79: =C107 -> 207705.08 | E79: =D107 -> 233445.77 | F79: =E107 -> 307345.42 | G79: =F107 -> 339341.7 | H79: =G107 -> 378593.77 | I79: =H107 -> 459083.66 | J79: =I107 -> 511473.92 | ... M79: =L107 -> 761284.59
A80: Einzahlungen
A81: Einzahlungen aus Umsätzen | B81: =IF($G$3=1,'Umsatz- und Ertragsvorschau'!B59,'Umsatz- und Ertragsvorschau'!M33) -> 200775.9 | C81: =IF($G$3=1,'Umsatz- und Ertragsvorschau'!C59,'Umsatz- und Ertragsvorschau'!B59) -> 217992.95 | D81: =IF($G$3=1,'Umsatz- und Ertragsvorschau'!D59,'Umsatz- und Ertragsvorschau'!C59) -> 236460 | E81: =IF($G$3=1,'Umsatz- und Ertragsvorschau'!E59,'Umsatz- und Ertragsvorschau'!D59) -> 254636.45 | F81: =IF($G$3=1,'Umsatz- und Ertragsvorschau'!F59,'Umsatz- und Ertragsvorschau'!E59) -> 261272.3 | G81: =IF($G$3=1,'Umsatz- und Ertragsvorschau'!G59,'Umsatz- und Ertragsvorschau'!F59) -> 267908.15 | H81: =IF($G$3=1,'Umsatz- und Ertragsvorschau'!H59,'Umsatz- und Ertragsvorschau'!G59) -> 277044 | I81: =IF($G$3=1,'Umsatz- und Ertragsvorschau'!I59,'Umsatz- und Ertragsvorschau'!H59) -> 292429.85 | J81: =IF($G$3=1,'Umsatz- und Ertragsvorschau'!J59,'Umsatz- und Ertragsvorschau'!I59) -> 301565.7 | ... M81: =IF($G$3=1,'Umsatz- und Ertragsvorschau'!M59,'Umsatz- und Ertragsvorschau'!L59) -> 330702.95 | N81: =SUM(B81:M81) -> 3281806.9
A82: + Bankdarlehen | N82: =SUM(B82:M82) -> 0
A83: + Sonstige Einzahlungen | B83: =Finanzierung!AE33 -> 0 | C83: =Finanzierung!AF33 -> 0 | D83: =Finanzierung!AG33 -> 0 | E83: =Finanzierung!AH33 -> 0 | F83: =Finanzierung!AI33 -> 0 | G83: =Finanzierung!AJ33 -> 0 | H83: =Finanzierung!AK33 -> 0 | I83: =Finanzierung!AL33 -> 0 | ... M83: =Finanzierung!AP33 -> 0 | N83: =SUM(B83:M83) -> 0
A84: = Gesamte Einzahlungen | B84: =SUM(B81:B83) -> 200775.9 | C84: =SUM(C81:C83) -> 217992.95 | D84: =SUM(D81:D83) -> 236460 | E84: =SUM(E81:E83) -> 254636.45 | F84: =SUM(F81:F83) -> 261272.3 | G84: =SUM(G81:G83) -> 267908.15 | H84: =SUM(H81:H83) -> 277044 | I84: =SUM(I81:I83) -> 292429.85 | ... M84: =SUM(M81:M83) -> 330702.95 | N84: =SUM(B84:M84) -> 3281806.9
A85: = Verfügbare Mittel | B85: =B79+B84 -> 362779.75 | C85: =C79+C84 -> 418274.2 | D85: =D79+D84 -> 444165.08 | E85: =E79+E84 -> 488082.22 | F85: =F79+F84 -> 568617.72 | G85: =G79+G84 -> 607249.85 | H85: =H79+H84 -> 655637.77 | I85: =I79+I84 -> 751513.51 | ... M85: =M79+M84 -> 1091987.5
A87: Auszahlungen
A88: Investitionen | B88: =CAPEX!AE28 -> 0 | C88: =CAPEX!AF28 -> 0 | D88: =CAPEX!AG28 -> 0 | E88: =CAPEX!AH28 -> 0 | F88: =CAPEX!AI28 -> 0 | G88: =CAPEX!AJ28 -> 0 | H88: =CAPEX!AK28 -> 0 | I88: =CAPEX!AL28 -> 0 | ... M88: =CAPEX!AP28 -> 0 | N88: =SUM(B88:M88) -> 0
A89: + Wareneinsatz | B89: ='Umsatz- und Ertragsvorschau'!B60 -> 24630 | C89: ='Umsatz- und Ertragsvorschau'!C60 -> 27915 | D89: ='Umsatz- und Ertragsvorschau'!D60 -> 28800 | E89: ='Umsatz- und Ertragsvorschau'!E60 -> 29865 | F89: ='Umsatz- und Ertragsvorschau'!F60 -> 31110 | G89: ='Umsatz- und Ertragsvorschau'!G60 -> 32355 | H89: ='Umsatz- und Ertragsvorschau'!H60 -> 34200 | I89: ='Umsatz- und Ertragsvorschau'!I60 -> 36645 | ... M89: ='Umsatz- und Ertragsvorschau'!M60 -> 41715 | N89: =SUM(B89:M89) -> 404730
A90: + Fremdleistungen | B90: ='Umsatz- und Ertragsvorschau'!B61 -> 24000 | C90: ='Umsatz- und Ertragsvorschau'!C61 -> 24000 | D90: ='Umsatz- und Ertragsvorschau'!D61 -> 24000 | E90: ='Umsatz- und Ertragsvorschau'!E61 -> 28800 | F90: ='Umsatz- und Ertragsvorschau'!F61 -> 33600 | G90: ='Umsatz- und Ertragsvorschau'!G61 -> 33600 | H90: ='Umsatz- und Ertragsvorschau'!H61 -> 33600 | I90: ='Umsatz- und Ertragsvorschau'!I61 -> 33600 | ... M90: ='Umsatz- und Ertragsvorschau'!M61 -> 37200 | N90: =SUM(B90:M90) -> 378000
A91: + Personalkosten inkl. Nebenkosten | B91: ='Umsatz- und Ertragsvorschau'!B65 -> 66666.667 | C91: ='Umsatz- und Ertragsvorschau'!C65 -> 73437.5 | D91: ='Umsatz- und Ertragsvorschau'!D65 -> 73437.5 | E91: ='Umsatz- und Ertragsvorschau'!E65 -> 73437.5 | F91: ='Umsatz- und Ertragsvorschau'!F65 -> 77083.333 | G91: ='Umsatz- und Ertragsvorschau'!G65 -> 77083.333 | H91: ='Umsatz- und Ertragsvorschau'!H65 -> 77083.333 | I91: ='Umsatz- und Ertragsvorschau'!I65 -> 80729.167 | ... M91: ='Umsatz- und Ertragsvorschau'!M65 -> 84375 | N91: =SUM(B91:M91) -> 925520.83
A92: + Miete und Mietnebenkosten | B92: ='Umsatz- und Ertragsvorschau'!B66 -> 2750 | C92: ='Umsatz- und Ertragsvorschau'!C66 -> 2750 | D92: ='Umsatz- und Ertragsvorschau'!D66 -> 2750 | E92: ='Umsatz- und Ertragsvorschau'!E66 -> 2750 | F92: ='Umsatz- und Ertragsvorschau'!F66 -> 3300 | G92: ='Umsatz- und Ertragsvorschau'!G66 -> 3300 | H92: ='Umsatz- und Ertragsvorschau'!H66 -> 3300 | I92: ='Umsatz- und Ertragsvorschau'!I66 -> 3300 | ... M92: ='Umsatz- und Ertragsvorschau'!M66 -> 3300 | N92: =SUM(B92:M92) -> 37400
A93: + Operatives Equipment | B93: ='Umsatz- und Ertragsvorschau'!B67 -> 2400 | C93: ='Umsatz- und Ertragsvorschau'!C67 -> 5100 | D93: ='Umsatz- und Ertragsvorschau'!D67 -> 2600 | E93: ='Umsatz- und Ertragsvorschau'!E67 -> 2600 | F93: ='Umsatz- und Ertragsvorschau'!F67 -> 6300 | G93: ='Umsatz- und Ertragsvorschau'!G67 -> 2800 | H93: ='Umsatz- und Ertragsvorschau'!H67 -> 2800 | I93: ='Umsatz- und Ertragsvorschau'!I67 -> 5500 | ... M93: ='Umsatz- und Ertragsvorschau'!M67 -> 5700 | N93: =SUM(B93:M93) -> 44800
A94: + Versicherungen | B94: ='Umsatz- und Ertragsvorschau'!B68 -> 300 | C94: ='Umsatz- und Ertragsvorschau'!C68 -> 325 | D94: ='Umsatz- und Ertragsvorschau'!D68 -> 325 | E94: ='Umsatz- und Ertragsvorschau'!E68 -> 325 | F94: ='Umsatz- und Ertragsvorschau'!F68 -> 350 | G94: ='Umsatz- und Ertragsvorschau'!G68 -> 350 | H94: ='Umsatz- und Ertragsvorschau'!H68 -> 350 | I94: ='Umsatz- und Ertragsvorschau'!I68 -> 375 | ... M94: ='Umsatz- und Ertragsvorschau'!M68 -> 400 | N94: =SUM(B94:M94) -> 4225
A95: + Rechts- und Beratungskosten | B95: ='Umsatz- und Ertragsvorschau'!B69 -> 867.44257 | C95: ='Umsatz- und Ertragsvorschau'!C69 -> 899.65962 | D95: ='Umsatz- und Ertragsvorschau'!D69 -> 918.12667 | E95: ='Umsatz- und Ertragsvorschau'!E69 -> 936.30312 | F95: ='Umsatz- und Ertragsvorschau'!F69 -> 957.93897 | G95: ='Umsatz- und Ertragsvorschau'!G69 -> 964.57482 | H95: ='Umsatz- und Ertragsvorschau'!H69 -> 973.71067 | I95: ='Umsatz- und Ertragsvorschau'!I69 -> 1004.0965 | ... M95: ='Umsatz- und Ertragsvorschau'!M69 -> 1057.3696 | N95: =SUM(B95:M95) -> 11656.807
A96: + Marketingkosten | B96: ='Umsatz- und Ertragsvorschau'!B70 -> 30500 | C96: ='Umsatz- und Ertragsvorschau'!C70 -> 30500 | D96: ='Umsatz- und Ertragsvorschau'!D70 -> 30500 | E96: ='Umsatz- und Ertragsvorschau'!E70 -> 30500 | F96: ='Umsatz- und Ertragsvorschau'!F70 -> 30500 | G96: ='Umsatz- und Ertragsvorschau'!G70 -> 30500 | H96: ='Umsatz- und Ertragsvorschau'!H70 -> 32500 | I96: ='Umsatz- und Ertragsvorschau'!I70 -> 32500 | ... M96: ='Umsatz- und Ertragsvorschau'!M70 -> 32500 | N96: =SUM(B96:M96) -> 378000
A97: + Reisekosten | B97: ='Umsatz- und Ertragsvorschau'!B71 -> 1200 | C97: ='Umsatz- und Ertragsvorschau'!C71 -> 1800 | D97: ='Umsatz- und Ertragsvorschau'!D71 -> 1800 | E97: ='Umsatz- und Ertragsvorschau'!E71 -> 1800 | F97: ='Umsatz- und Ertragsvorschau'!F71 -> 1800 | G97: ='Umsatz- und Ertragsvorschau'!G71 -> 1800 | H97: ='Umsatz- und Ertragsvorschau'!H71 -> 1800 | I97: ='Umsatz- und Ertragsvorschau'!I71 -> 1800 | ... M97: ='Umsatz- und Ertragsvorschau'!M71 -> 1800 | N97: =SUM(B97:M97) -> 21000
A98: + Sonstige Kosten | B98: ='Umsatz- und Ertragsvorschau'!B72 -> 2007.759 | C98: ='Umsatz- und Ertragsvorschau'!C72 -> 2179.9295 | D98: ='Umsatz- und Ertragsvorschau'!D72 -> 2364.6 | E98: ='Umsatz- und Ertragsvorschau'!E72 -> 2546.3645 | F98: ='Umsatz- und Ertragsvorschau'!F72 -> 2612.723 | G98: ='Umsatz- und Ertragsvorschau'!G72 -> 2679.0815 | H98: ='Umsatz- und Ertragsvorschau'!H72 -> 2770.44 | I98: ='Umsatz- und Ertragsvorschau'!I72 -> 2924.2985 | ... M98: ='Umsatz- und Ertragsvorschau'!M72 -> 3307.0295 | N98: =SUM(B98:M98) -> 32818.069
A99: + Zinsen | B99: ='Umsatz- und Ertragsvorschau'!B73 -> 1962.553 | C99: ='Umsatz- und Ertragsvorschau'!C73 -> 1945.1728 | D99: ='Umsatz- und Ertragsvorschau'!D73 -> 1927.7346 | E99: ='Umsatz- und Ertragsvorschau'!E73 -> 1910.2383 | F99: ='Umsatz- und Ertragsvorschau'!F73 -> 1892.6836 | G99: ='Umsatz- und Ertragsvorschau'!G73 -> 1875.0705 | H99: ='Umsatz- und Ertragsvorschau'!H73 -> 1857.3986 | I99: ='Umsatz- und Ertragsvorschau'!I73 -> 1839.6678 | ... M99: ='Umsatz- und Ertragsvorschau'!M73 -> 1768.1518 | N99: =SUM(B99:M99) -> 22390.698
A100: + betriebliche Steuern | C100: =IF('Umsatz- und Ertragsvorschau'!N77>0,'Umsatz- und Ertragsvorschau'!N77*0.035*S100/4,0) -> 34485.4 | D100: =IF('Umsatz- und Ertragsvorschau'!N77>0,'Umsatz- und Ertragsvorschau'!N77*Q100/4,0) -> 36047.456 | F100: =$C100 -> 34485.4 | G100: =$D100 -> 36047.456 | I100: =$C100 -> 34485.4 | J100: =$D100 -> 36047.456 | L100: =$C100 -> 34485.4 | M100: =$D100 -> 36047.456 | N100: =SUM(B100:M100) -> 282131.42 | O100: =O64 -> Kapitalgesellschaft | P100: =IF(O100="Kapitalgesellschaft","Körperschaftsteuer:","Einkommensteuer:") -> Körperschaftsteuer: | Q100: =IF(O100="Kapitalgesellschaft",15%,"") -> 0.15 | R100: Hebesatz: | S100: =S64 -> 4.1
A101: + Unternehmerlohn | B101: =HR!AE48 -> 0 | C101: =HR!AF48 -> 0 | D101: =HR!AG48 -> 0 | E101: =HR!AH48 -> 0 | F101: =HR!AI48 -> 0 | G101: =HR!AJ48 -> 0 | H101: =HR!AK48 -> 0 | I101: =HR!AL48 -> 0 | ... M101: =HR!AP48 -> 0 | N101: =SUM(B101:M101) -> 0 | P101: März & vierteljährlich | S101: Februar & vierteljahrlich
A102: + Tilgung | B102: =Finanzierung!AE25 -> 5214.0767 | C102: =Finanzierung!AF25 -> 5231.457 | D102: =Finanzierung!AG25 -> 5248.8952 | E102: =Finanzierung!AH25 -> 5266.3915 | F102: =Finanzierung!AI25 -> 5283.9461 | G102: =Finanzierung!AJ25 -> 5301.5593 | H102: =Finanzierung!AK25 -> 5319.2312 | I102: =Finanzierung!AL25 -> 5336.9619 | ... M102: =Finanzierung!AP25 -> 5408.478 | N102: =SUM(B102:M102) -> 63728.859
A103: + Dividenden | B103: =Finanzierung!AE31 -> 0 | C103: =Finanzierung!AF31 -> 0 | D103: =Finanzierung!AG31 -> 0 | E103: =Finanzierung!AH31 -> 0 | F103: =Finanzierung!AI31 -> 0 | G103: =Finanzierung!AJ31 -> 0 | H103: =Finanzierung!AK31 -> 0 | I103: =Finanzierung!AL31 -> 0 | ... M103: =Finanzierung!AP31 -> 0 | N103: =SUM(B103:M103) -> 0
A104: = Gesamte Auszahlungen | B104: =SUM(B88:B103) -> 162498.5 | C104: =SUM(C88:C103) -> 210569.12 | D104: =SUM(D88:D103) -> 210719.31 | E104: =SUM(E88:E103) -> 180736.8 | F104: =SUM(F88:F103) -> 229276.02 | G104: =SUM(G88:G103) -> 228656.08 | H104: =SUM(H88:H103) -> 196554.11 | I104: =SUM(I88:I103) -> 240039.59 | ... N104: =SUM(N88:N103) -> 2606401.7
A105: = Monatlicher Saldo | B105: =B84-B104 -> 38277.402 | C105: =C84-C104 -> 7423.8315 | D105: =D84-D104 -> 25740.688 | E105: =E84-E104 -> 73899.653 | F105: =F84-F104 -> 31996.275 | G105: =G84-G104 -> 39252.075 | H105: =H84-H104 -> 80489.886 | I105: =I84-I104 -> 52390.259 | ... N105: =N84-N104 -> 675405.21
A107: = Kontostand Monatsende | B107: =B79+B105 -> 200281.25 | C107: =C79+C105 -> 207705.08 | D107: =D79+D105 -> 233445.77 | E107: =E79+E105 -> 307345.42 | F107: =F79+F105 -> 339341.7 | G107: =G79+G105 -> 378593.77 | H107: =H79+H105 -> 459083.66 | I107: =I79+I105 -> 511473.92 | ... M107: =M79+M105 -> 837409.06
B110: -> Zur Finanzierungsplanung
A113: Schritte | B113: 1 | C113: 2 | D113: 3 | E113: 4 | F113: 5 | G113: 6 | H113: 7 | I113: 8 | J113: 9
A114: Arbeitsblatt | B114: Annahmen | C114: Umsatz | COGS | D114: HR | E114: OPEX | F114: CAPEX | G114: Rentabilität | H114: Liquidität | I114: Finanzierung | J114: Final Check
A115: Prozessfortschritt

Sheet Grafiken
B2: Schritte | C2: 1 | D2: 2 | E2: 3 | F2: 4 | G2: 5 | H2: 6 | I2: 7 | J2: 8 | K2: 9
B3: Arbeitsblatt | C3: Annahmen | D3: Umsatz | COGS | E3: HR | F3: OPEX | G3: CAPEX | H3: Rentabilität | I3: Liquidität | J3: Finanzierung | K3: Final Check
B4: Prozessfortschritt
B7: Beispiel Case
B9: Status Quo | C9: Im finalen Check haben wir noch einmal die Möglichkeit die Rentabilität und den Kontostand zu überprüfen.
C10: Wenn wir mit den Zahlen zufrieden sind, ist die Planung abgeschlossen.
C69: =Liquiditätsplan!B5 -> 45658 | D69: =Liquiditätsplan!C5 -> 45689 | E69: =Liquiditätsplan!D5 -> 45717 | F69: =Liquiditätsplan!E5 -> 45748 | G69: =Liquiditätsplan!F5 -> 45778 | H69: =Liquiditätsplan!G5 -> 45809 | I69: =Liquiditätsplan!H5 -> 45839 | J69: =Liquiditätsplan!I5 -> 45870 | ... N69: =Liquiditätsplan!M5 -> 45992 | O69: =Liquiditätsplan!B41 -> 46023 | P69: =Liquiditätsplan!C41 -> 46054 | Q69: =Liquiditätsplan!D41 -> 46082 | R69: =Liquiditätsplan!E41 -> 46113 | S69: =Liquiditätsplan!F41 -> 46143 | T69: =Liquiditätsplan!G41 -> 46174 | U69: =Liquiditätsplan!H41 -> 46204 | V69: =Liquiditätsplan!I41 -> 46235 | ... Z69: =Liquiditätsplan!M41 -> 46357 | AA69: =Liquiditätsplan!B77 -> 46388 | AB69: =Liquiditätsplan!C77 -> 46419 | AC69: =Liquiditätsplan!D77 -> 46447 | AD69: =Liquiditätsplan!E77 -> 46478 | AE69: =Liquiditätsplan!F77 -> 46508 | AF69: =Liquiditätsplan!G77 -> 46539 | AG69: =Liquiditätsplan!H77 -> 46569 | AH69: =Liquiditätsplan!I77 -> 46600 | ... AL69: =Liquiditätsplan!M77 -> 46722
B70: Kontostand | C70: =Liquiditätsplan!B35 -> 326119.58 | D70: =Liquiditätsplan!C35 -> 289054.58 | E70: =Liquiditätsplan!D35 -> 263143.33 | F70: =Liquiditätsplan!E35 -> 238820.99 | G70: =Liquiditätsplan!F35 -> 214615.99 | H70: =Liquiditätsplan!G35 -> 191628.34 | I70: =Liquiditätsplan!H35 -> 164858.02 | J70: =Liquiditätsplan!I35 -> 144286.29 | ... N70: =Liquiditätsplan!M35 -> 88877.592 | O70: =Liquiditätsplan!B71 -> 52136.995 | P70: =Liquiditätsplan!C71 -> 36396.592 | Q70: =Liquiditätsplan!D71 -> 35792.631 | R70: =Liquiditätsplan!E71 -> 44545.146 | S70: =Liquiditätsplan!F71 -> 44674.649 | T70: =Liquiditätsplan!G71 -> 49866.975 | U70: =Liquiditätsplan!H71 -> 58839.622 | V70: =Liquiditätsplan!I71 -> 65845.509 | ... Z70: =Liquiditätsplan!M71 -> 162003.85 | AA70: =Liquiditätsplan!B107 -> 200281.25 | AB70: =Liquiditätsplan!C107 -> 207705.08 | AC70: =Liquiditätsplan!D107 -> 233445.77 | AD70: =Liquiditätsplan!E107 -> 307345.42 | AE70: =Liquiditätsplan!F107 -> 339341.7 | AF70: =Liquiditätsplan!G107 -> 378593.77 | AG70: =Liquiditätsplan!H107 -> 459083.66 | AH70: =Liquiditätsplan!I107 -> 511473.92 | ... AL70: =Liquiditätsplan!M107 -> 837409.06
